Workbook
Name ____sta2: [0]!Combined.-1.12
Name ____sta2: [0]!Combined.-1.12
Name ____sta2: [0]!Combined.-1.12
Name ____sta2: [0]!Combined.-1.12
Name __5450_01: #REF!
Name __5450_01: #REF!
Name __5456_n: #REF!
Name __5456_n: #REF!
Name __DON1: [1]CNOBARI!$A$2:$A$39
Name __DON2: [1]CNOBARI!$B$2:$B$107
Name __DON3: [2]CNOBARI!$C$2:$C$135
Name __IV69000: #REF!
Name __IV70000: #REF!
Name __JA1: #REF!
Name __KA1: #REF!
Name __sta2: [0]!Combined.-1.12
Name __sta2: [0]!Combined.-1.12
Name __sta2: [0]!Combined.-1.12
Name __sta2: [0]!Combined.-1.12
Name __Ве: #REF!
Name __Ве: #REF!
Name __Вероят: #REF!
Name __Вероят: #REF!
Name __Вероятность_погашения: #REF!
Name _10._Прочие_пассивы: #REF!
Name _11: #REF!
Name _11._Акционерный_капитал: #REF!
Name _12._Нераспределенная_прибыль_и_резервы: #REF!
Name _3._Кредиты_клиентам: #REF!
Name _4._Кредиты_банкам: #REF!
Name _4050_00: #REF!
Name _4050_01: #REF!
Name _4050_n: #REF!
Name _4052_00: #REF!
Name _4052_01: #REF!
Name _4052_n: #REF!
Name _4100_00: #REF!
Name _4100_01: #REF!
Name _4100_n: #REF!
Name _4101_00: #REF!
Name _4101_01: #REF!
Name _4101_n: #REF!
Name _4150_00: #REF!
Name _4150_01: #REF!
Name _4150_n: #REF!
Name _4151_00: #REF!
Name _4151_01: #REF!
Name _4151_n: #REF!
Name _4152_00: #REF!
Name _4152_01: #REF!
Name _4152_n: #REF!
Name _4155_00: #REF!
Name _4155_01: #REF!
Name _4155_n: #REF!
Name _4250_00: #REF!
Name _4250_01: #REF!
Name _4250_n: #REF!
Name _4252_00: #REF!
Name _4252_01: #REF!
Name _4252_n: #REF!

Sheet FS
B2: Historical Consolidated IFRS Financial Statements
B3: (Consolidated Statement of Profit or Loss; Statement of Financial Position and Statement of Cash Flows)
B4: JSC Georgian Railway
A5: Column1 | B5: ’000 GEL | C5: 2007 | D5: 2008 | E5: 2009 | F5: 2010 | G5: 2011 | H5: 2012 | I5: 2013 | J5: 2014 | K5: 2015 | L5: 2016 | M5: 2017 | N5: 2018 | O5: 2019 | P5: 2020 | Q5: 2021 | R5: 2022 | S5: 2023 | T5: 2024 | U5: 6M 2024 | V5: 6M 2025
B7: Consolidated Statements of Profit or Loss and Other Comprehensive Income
B9: Freight transportation | C9: 248942 | D9: 239512.64 | E9: 238795.42 | F9: 298013.68 | G9: 348924.11 | H9: 350866.03 | I9: 364057 | J9: 382732 | K9: 392773.6 | L9: 292612 | M9: 262771.5 | N9: 241313.41 | O9: 308515.4 | P9: 316452.44 | Q9: 353929.4 | R9: 388445.89 | S9: 346537.28 | T9: 363202.86 | U9: 173422.15 | V9: 168470.71
B10: Freight handling | C10: 41350 | D10: 55250.793 | E10: 35354.168 | F10: 56568.831 | G10: 61990.886 | H10: 50924.974 | I10: 60529 | J10: 69049 | K10: 79177 | L10: 52974 | M10: 50188.5 | N10: 51650.49 | O10: 65398 | P10: 72855.29 | Q10: 69865.4 | R10: 92179.848 | S10: 82729.308 | T10: 86491.434 | U10: 41973.803 | V10: 45971.39
B11: Logistic service | C11: NA | D11: NA | E11: NA | F11: NA | G11: NA | H11: NA | I11: NA | J11: NA | K11: 56086 | L11: 52582 | M11: 73774 | N11: 70317.663 | O11: 48814 | P11: 54105.764 | Q11: 69370.53 | R11: 123071.48 | S11: 132213 | T11: 129533.84 | U11: 66763.005 | V11: 52888.652
B12: Freight car rental | C12: 11520 | D12: 16590 | E12: 16543 | F12: 22302 | G12: 43957 | H12: 46382 | I12: 34308 | J12: 37811 | K12: 24261 | L12: 13948 | M12: 16780.3 | N12: 25361.675 | O12: 0 | P12: 0 | Q12: 0 | R12: 0 | T12: 0 | U12: 0 | V12: 0
B13: Rent of wagons and other rental income | C13: 0 | D13: 0 | E13: 0 | F13: 0 | G13: 0 | H13: 0 | I13: 0 | J13: 0 | K13: 0 | L13: 0 | M13: 0 | N13: 0 | O13: 16090 | P13: 8838 | Q13: 4647.438 | R13: 4072.1343 | S13: 4158.1125 | T13: 3829.477 | U13: 2578.5395 | V13: 2182.443
B14: Freight car cross-border charge | C14: 0 | D14: 0 | E14: 0 | F14: 0 | G14: 0 | H14: 0 | I14: 0 | J14: 0 | K14: 0 | L14: 0 | M14: 0 | N14: 0 | O14: 14156 | P14: 14147.398 | Q14: 9910.3441 | R14: 9702.597 | S14: 15705.019 | T14: 15609.014 | U14: 7906.8938 | V14: 7037.664
B15: Passenger traffic | C15: 17165 | D15: 16615 | E15: 13952 | F15: 15668 | G15: 15257 | H15: 17432 | I15: 18044.4 | J15: 18317 | K15: 15487 | L15: 18007 | M15: 22844 | N15: 27403.903 | O15: 31138 | P15: 11201.261 | Q15: 14807.701 | R15: 27423.406 | S15: 41218.622 | T15: 36668.582 | U15: 16754.61 | V15: 13448.241
B16: Grant revenue | O16: 0 | P16: 0 | Q16: 0 | R16: 0 | S16: 0 | T16: 8725.922 | U16: 0 | V16: 4268.755
B17: Rent, scrap realization,other | C17: 4931 | D17: 3509.294 | E17: 3731 | F17: 7721 | G17: 7248 | H17: 4214 | I17: 2908 | J17: 3661 | K17: 6988 | L17: 9799 | M17: 8176 | N17: 8567.3379 | O17: 6927 | P17: 11770 | Q17: 25337 | R17: 29877.941 | S17: 4612 | T17: 4276 | U17: 1305 | V17: 1383.739
B18: Telecom revenue | C18: 1578 | D18: 9410.27 | E18: 10462 | F18: 4413 | G18: 0 | H18: 0 | I18: 0 | J18: 0 | K18: 0 | L18: 0 | M18: 0 | N18: 0 | O18: 0 | P18: 0 | Q18: 0 | R18: 0 | S18: 0 | T18: 0 | U18: 0 | V18: 0
B19: Revenue | C19: =SUM(C9:C18) -> 325486 | D19: =SUM(D9:D18) -> 340888 | E19: =SUM(E9:E18) -> 318837.59 | F19: =SUM(F9:F18) -> 404686.51 | G19: =SUM(G9:G18) -> 477377 | H19: =SUM(H9:H18) -> 469819 | I19: =SUM(I9:I18) -> 479846.4 | J19: =SUM(J9:J18) -> 511570 | ... V19: =SUM(V9:V18) -> 295651.6
B20: Income from the transferred property | C20: 0 | D20: 0 | E20: 0 | F20: 0 | G20: 0 | H20: 0 | I20: 0 | J20: 0 | K20: 7503 | L20: 80294 | M20: 23417 | N20: 0 | O20: 0 | P20: 0 | Q20: 0 | R20: 0 | S20: 0 | T20: 0 | U20: 0 | V20: 0
B21: Continuing operations | C21: 6509 | D21: 3214 | E21: 6538 | F21: 7087.9317 | G21: 8622 | H21: 12660 | I21: 15547.483 | J21: 10390 | K21: 13293.116 | L21: 12165 | M21: 7748 | N21: 2785.7098 | O21: 4766.9728 | P21: 3091.0172 | Q21: 3391 | R21: 5112.9496 | S21: 5716.5999 | T21: 10096.667 | U21: 8037.4694 | V21: 960.624
B22: Gain on sale of subsidiary | C22: 0 | D22: 0 | E22: 0 | F22: 4279.1807 | G22: 0 | H22: 0 | I22: 0 | J22: 0 | K22: 0 | L22: 0 | M22: 0 | N22: 0 | O22: 0 | P22: 0 | Q22: 0 | R22: 0 | T22: 0 | U22: 0 | V22: 0
B23: Other | C23: 3055 | D23: 15500 | E23: 4140 | F23: 6450.8875 | G23: 3403 | H23: 19293 | I23: -95.896188 | J23: 1963.4 | K23: 9975 | L23: 6957 | M23: 7812 | N23: 16726.262 | O23: 7984.1331 | P23: 9456 | Q23: 5560 | R23: 10711.756 | S23: 3275.9001 | T23: 12710.426 | U23: 7052.2019 | V23: 925.46
B24: Other Income | C24: =SUM(C21:C23) -> 9564 | D24: =SUM(D21:D23) -> 18714 | E24: =SUM(E21:E23) -> 10678 | F24: =SUM(F21:F23) -> 17818 | G24: =SUM(G21:G23) -> 12025 | H24: =SUM(H21:H23) -> 31953 | I24: =SUM(I21:I23) -> 15451.587 | J24: =SUM(J21:J23) -> 12353.4 | ... V24: =SUM(V21:V23) -> 1886.084
B26: Impairment loss on property, plant and equipment | C26: 0 | D26: 0 | E26: 0 | F26: 0 | G26: 0 | H26: 0 | I26: 0 | J26: 0 | K26: 0 | L26: 0 | M26: -382616 | N26: -691387 | O26: 0 | P26: 0 | Q26: 0 | R26: 0 | S26: 0 | T26: 0 | U26: 0 | V26: 0
B27: Employee benefits expense | C27: -105307 | D27: -108747 | E27: -106113 | F27: -111257 | G27: -108493 | H27: -108467 | I27: -133509 | J27: -145174 | K27: -148624.54 | L27: -146626.17 | M27: -148302 | N27: -154338.38 | O27: -160561.48 | P27: -170502.46 | Q27: -180701.4 | R27: -197707.86 | S27: -239055.55 | T27: -233224.44 | U27: -116463.35 | V27: -124131.27
B28: Depreciation and amortization expenses | C28: -106658 | D28: -98885 | E28: -96111 | F28: -98749 | G28: -92137 | H28: -97082 | I28: -101927 | J28: -105258 | K28: -104416.45 | L28: -106267.41 | M28: -109702.67 | N28: -113804.16 | O28: -81234.703 | P28: -76155.805 | Q28: -58397 | R28: -66585.279 | S28: -76895 | T28: -59325.4 | U28: -31599.105 | V28: -31340.227
B29: Electricity, consumables and maintenance costs | C29: =SUM(C30:C33) -> -64707 | D29: =SUM(D30:D33) -> -56460 | E29: =SUM(E30:E33) -> -49491.052 | F29: =SUM(F30:F33) -> -49629 | G29: =SUM(G30:G33) -> -58863 | H29: =SUM(H30:H33) -> -60702.261 | I29: =SUM(I30:I33) -> -59716 | J29: =SUM(J30:J33) -> -57240 | ... V29: =SUM(V30:V33) -> -33810.552
B30: Electricity | C30: -18192 | D30: -22319 | E30: -19310.515 | F30: -21386 | G30: -24180 | H30: -23127 | I30: -21236 | J30: -20091 | K30: -20424.171 | L30: -21687 | M30: -20868.4 | N30: -20962 | O30: -22069 | P30: -19519 | Q30: -30857.4 | R30: -43916.041 | S30: -38677.438 | T30: -40418.443 | U30: -20299.24 | V30: -18976.345
B31: Materials | C31: -24662 | D31: -11793 | E31: -13345.137 | F31: -13565 | G31: -13849 | H31: -20758.261 | I31: -19770 | J31: -19280 | K31: -19275.973 | L31: -14121 | M31: -11565 | N31: -11928.544 | O31: -12135 | P31: -10306.149 | Q31: -12103 | R31: -15236.596 | S31: -14481.973 | T31: -20999.459 | U31: -7640.4721 | V31: -7923.544
B32: Fuel | C32: -9530 | D32: -11775 | E32: -7659.4 | F32: -9669 | G32: -9734 | H32: -9088 | I32: -8160 | J32: -7868 | K32: -5806.991 | L32: -4306 | M32: -5237 | N32: -6704.2749 | O32: -7023 | P32: -6184 | Q32: -6544.8708 | R32: -10485.443 | S32: -8739.2003 | T32: -7268.928 | U32: -3713.0293 | V32: -3412.839
B33: Repair and maintenance | C33: -12323 | D33: -10573 | E33: -9176 | F33: -5009 | G33: -11100 | H33: -7729 | I33: -10550 | J33: -10001 | K33: -15420.266 | L33: -7175 | M33: -3820 | N33: -4113.1533 | O33: -6694 | P33: -5401.657 | Q33: -5062.0415 | R33: -10568.896 | S33: -12823.807 | T33: -18967.462 | U33: -10184.489 | V33: -3497.824
B34: Impairment gain/(loss) on trade receivables | M34: -12115 | N34: -12017 | O34: -33728.665 | P34: -13559.5 | Q34: -2790.6556 | R34: 840.43081 | S34: 6015.8 | T34: -3776.821 | U34: -1152.4323 | V34: -1184.963
B35: Other Expenses | C35: =SUM(C36:C45) -> -56921 | D35: =SUM(D36:D45) -> -57207 | E35: =SUM(E36:E45) -> -64798 | F35: =SUM(F36:F45) -> -97375 | G35: =SUM(G36:G45) -> -77636 | H35: =SUM(H36:H45) -> -101722.65 | I35: =SUM(I36:I45) -> -88595 | J35: =SUM(J36:J45) -> -75801 | ... V35: =SUM(V36:V45) -> -71724.873
B36: Taxes, other than on income | C36: -28939 | D36: -18726 | E36: -26426 | F36: -46846 | G36: -33175 | H36: -41735 | I36: -33380 | J36: -28706 | K36: -31021 | L36: -32006.188 | M36: -27691.8 | N36: -27981.859 | O36: -22743.943 | P36: -24451.778 | Q36: -30958.144 | R36: -24898.571 | S36: -25223.047 | T36: -26118.751 | U36: =-12205.6532-387 -> -12592.653 | V36: -14235.607
B37: Write off of PPE | C37: 0 | D37: 0 | E37: -6622 | F37: -4831 | G37: -4094 | H37: -5853.648 | I37: -296 | J37: 0 | K37: -164 | L37: -254.4828 | M37: -803 | N37: -1250 | O37: -1030 | P37: -2235.6 | Q37: -1874.128 | R37: -876.73028 | S37: -3798.5005 | T37: -695.77 | U37: -283.60635 | V37: -210.907
B38: Write off of CIP | C38: 0 | D38: 0 | E38: 0 | F38: 0 | G38: 0 | H38: -8931 | I38: -5687 | J38: -3858 | K38: 0 | L38: 0 | M38: 0 | N38: 0 | O38: 0 | P38: 0 | Q38: 0 | R38: 0 | S38: 0 | T38: 0 | U38: - | V38: 0
B39: Security and other operating expenses | C39: -15333 | D39: -19337 | E39: -15588 | F39: -17532 | G39: -16967 | H39: -20165 | I39: -27387 | J39: -23245 | K39: -8734 | L39: -8928 | M39: -8918 | N39: -9208.5803 | O39: -9246 | P39: -9916.7 | Q39: -9731 | R39: -10390.108 | S39: -12364.076 | T39: -13166.012 | U39: -6036.4377 | V39: -7397.399
B40: Freight car cross-border charge | C40: -9371 | D40: -10746 | E40: -6378 | F40: -9046 | G40: -23400 | H40: -25038 | I40: -21845 | J40: -19992 | K40: -11210 | L40: -4407 | M40: -4094.5 | N40: -4177 | O40: -3780 | P40: -3688.1096 | Q40: -4064.7904 | R40: -10927.961 | S40: -8324.5494 | T40: -15176.512 | U40: -6049.8224 | V40: -10722.663
B41: Logistic service | C41: NA | D41: NA | E41: NA | F41: NA | G41: NA | H41: NA | I41: NA | J41: NA | K41: -17197 | L41: -14270 | M41: -12996 | N41: -17635.5 | O41: -20182 | P41: -21105.292 | Q41: -32918.385 | R41: -71284.841 | S41: -88461 | T41: -76613.526 | U41: -28794.603 | V41: -27073.815
B42: Internet and cable lease (Telecom) | C42: -1279 | D42: -5071 | E42: -7116 | F42: -3611 | G42: 0 | H42: 0 | I42: 0 | J42: 0 | K42: 0 | L42: 0 | M42: 0 | N42: 0 | O42: 0 | P42: 0 | Q42: 0 | R42: 0 | S42: 0 | T42: 0 | U42: - | V42: 0
B43: Inventory write-off | C43: 0 | D43: -96 | E43: -2668 | F43: 0 | G43: 0 | H43: 0 | I43: 0 | J43: 0 | K43: 0 | L43: 0 | M43: 0 | N43: 0 | O43: 0 | P43: 0 | Q43: 0 | R43: 0 | S43: 0 | T43: 0 | U43: - | V43: 0
B44: Other | C44: 0 | D44: 0 | E44: 0 | F44: 0 | G44: 0 | H44: 0 | I44: 0 | J44: 0 | K44: -7576 | L44: -8944 | M44: -18013 | N44: -14674 | O44: -15665.4 | P44: -10158.46 | Q44: -15928 | R44: -10787.568 | S44: -16394.987 | T44: -13657.194 | U44: -6007.9725 | V44: -12084.482
B45: Other provisions | C45: -1999 | D45: -3231 | E45: 0 | F45: -15509 | G45: 0 | H45: 0 | I45: 0 | J45: 0 | K45: -2355 | L45: -390 | M45: 0 | N45: 0 | O45: 0 | P45: 0 | Q45: 0 | R45: 0 | S45: 0 | T45: 0 | U45: 0 | V45: 0
B46: Result from operating activities | C46: =SUM(C19,C20,C24,C27:C29,C35) -> 1457 | D46: =SUM(D19,D20,D24,D27:D29,D35) -> 38303 | E46: =SUM(E19,E20,E24,E27:E29,E35) -> 13002.538 | F46: =SUM(F19,F20,F24,F27:F29,F35) -> 65494.514 | G46: =SUM(G19,G20,G24,G27:G29,G35) -> 152273 | H46: =SUM(H19,H20,H24,H27:H29,H35) -> 133798.09 | I46: =SUM(I19,I20,I24,I27:I29,I35) -> 111550.99 | J46: =SUM(J19,J20,J24,J27:J29,J35) -> 140450.4 | ... L46: =SUM(L19,L20,L24,L27:L29,L35) -> 169955.75 | M46: =SUM(M19,M20,M24,M26:M29,M35,M34) -> -293231.07 | N46: =SUM(N19,N20,N24,N26:N29,N35,N34) -> -646055 | O46: =SUM(O19,O20,O24,O26:O29,O35,O34) -> 107696.31 | P46: =SUM(P19,P20,P24,P26:P29,P35,P34) -> 128732.66 | Q46: =SUM(Q19,Q20,Q24,Q26:Q29,Q35,Q34) -> 164888 | R46: =SUM(R19,R20,R24,R26:R29,R35,R34) -> 217772.54 | S46: =SUM(S19,S20,S24,S26:S29,S35,S34) -> 96942.519 | T46: =SUM(T19,T20,T24,T26:T29,T35,T34) -> 141735.5 | ... V46: =SUM(V19,V20,V24,V26:V29,V35,V34) -> 35345.795
B47: Finance income | C47: =SUM(C48:C52) -> 1877 | D47: =SUM(D48:D52) -> 884 | E47: =SUM(E48:E52) -> 610.18203 | F47: =SUM(F48:F52) -> 45411 | G47: =SUM(G48:G52) -> 27035.729 | H47: =SUM(H48:H52) -> 19106.373 | I47: =SUM(I48:I52) -> 12334 | J47: =SUM(J48:J52) -> 11666.4 | ... V47: =SUM(V48:V52) -> 52457.642
B48: Interest income | C48: 1669 | D48: 884 | E48: 610.18203 | F48: 3229 | G48: 10940.995 | H48: 15902.132 | I48: 12334 | J48: 11666.4 | K48: 20932.478 | L48: 23882 | M48: 17793 | N48: 14533.584 | O48: 14849.4 | P48: 18920 | Q48: 23631 | R48: 30338.022 | S48: 37229 | T48: 24318.04 | U48: 11730.198 | V48: 12037.545
B49: Net foreign exchange gain | C49: 208 | D49: 0 | E49: 0 | F49: 42182 | G49: 16094.735 | H49: 3204.2413 | I49: 0 | J49: 0 | K49: 0 | L49: 0 | M49: 25488 | N49: 0 | O49: 0 | P49: 0 | Q49: 84224 | R49: 218923.44 | S49: 12065 | T49: 0 | U49: 0 | V49: 40418.704
B50: Gain on modification of financial instruments | C50: 0 | D50: 0 | E50: 0 | F50: 0 | G50: 0 | H50: 0 | I50: 0 | J50: 0 | K50: 0 | L50: 0 | M50: 0 | N50: 0 | O50: 0 | P50: 7367 | Q50: 0 | R50: 0 | S50: 1365 | T50: 4051 | U50: 0 | V50: 0
B51: Impairment reversal on other financial assets | C51: 0 | D51: 0 | E51: 0 | F51: 0 | G51: 0 | H51: 0 | I51: 0 | J51: 0 | K51: 0 | L51: 0 | M51: 0 | N51: 0 | O51: 0 | P51: 221 | Q51: 39 | R51: 140.238 | S51: 265 | T51: 0 | U51: 327.9697 | V51: =1.193+0.2 -> 1.393
B52: Share of results of equity accounted investees
B53: Finance cost | C53: =SUM(C54:C64) -> -3268 | D53: =SUM(D54:D64) -> -11905 | E53: =SUM(E54:E64) -> -4770.9975 | F53: =SUM(F54:F64) -> -17669 | G53: =SUM(G54:G64) -> -10491.581 | H53: =SUM(H54:H64) -> -59310.062 | I53: =SUM(I54:I64) -> -57521 | J53: =SUM(J54:J64) -> -111269 | ... V53: =SUM(V54:V64) -> -29530.796
B54: Impairment loss on trade receivables | C54: -2476 | D54: -8937 | E54: -3235 | F54: -6053 | G54: -7404.5814 | H54: -7681.3083 | I54: -8903 | J54: -5245 | K54: -28626.697 | L54: -7972 | M54: -27215 | N54: 0 | O54: 0 | P54: 0 | Q54: 0 | R54: 0 | S54: 0 | T54: 0 | U54: 0 | V54: 0
B55: Impairment loss on issued loans | C55: 0 | D55: 0 | E55: 0 | F55: 0 | G55: 0 | H55: 0 | I55: 0 | J55: 0 | K55: 0 | L55: 0 | M55: -23502 | N55: -149 | O55: -39.4 | P55: 0 | Q55: 0 | R55: 0 | S55: 0 | T55: 0 | U55: 0 | V55: 0
B56: Impairment loss on cash in bank | C56: 0 | D56: 0 | E56: 0 | F56: 0 | G56: 0 | H56: 0 | I56: 0 | J56: 0 | K56: 0 | L56: 0 | M56: 0 | N56: 0 | O56: 0 | P56: 0 | Q56: 0 | R56: -535.24778 | S56: 0 | T56: -681 | U56: 0 | V56: -400.625
B57: Loss on bond repayment | C57: 0 | D57: 0 | E57: 0 | F57: 0 | G57: 0 | H57: -41177.711 | I57: 0 | J57: 0 | K57: 0 | L57: 0 | M57: 0 | N57: 0 | O57: 0 | P57: 0 | Q57: 0 | R57: 0 | S57: 0 | T57: 0 | U57: 0 | V57: 0
B58: Unwinding of discount on provisions | C58: 0 | D58: 0 | E58: 0 | F58: 0 | G58: 0 | H58: 0 | I58: 0 | J58: 0 | K58: 0 | L58: 0 | M58: 0 | N58: 0 | O58: 0 | P58: -1225 | Q58: -987 | R58: 0 | S58: 0 | T58: -2543.774 | U58: 0 | V58: 0
B59: Loss on modification of financial instruments | C59: 0 | D59: 0 | E59: 0 | F59: 0 | G59: 0 | H59: 0 | I59: 0 | J59: 0 | K59: 0 | L59: 0 | M59: 0 | N59: 0 | O59: 0 | P59: 0 | Q59: -1927 | R59: -5762 | S59: 0 | T59: 0 | U59: 0 | V59: 0
B60: Net foreign exchange loss | C60: 0 | D60: -1800 | E60: -10.60256 | F60: 0 | G60: 0 | H60: 0 | I60: -34367 | J60: -61133 | K60: -226837.34 | L60: -112309 | M60: 0 | N60: -37516.9 | O60: -85248.5 | P60: -191901.4 | Q60: 0 | R60: 0 | S60: 0 | T60: -55669.004 | U60: -55648.89 | V60: 0
B61: Interest expense | C61: -792 | D61: -1168 | E61: -1525.3949 | F61: -11616 | G61: -40 | H61: -10436.043 | I61: -14251 | J61: -44891 | K61: -59891.143 | L61: -52822 | M61: -53433 | N61: -47351.7 | O61: -42843.4 | P61: -126758 | Q61: -101423 | R61: -64196 | S61: -61090.4 | T61: -58765.149 | U61: -29223.197 | V61: -29130.171
B62: Premium on early redemption of issued bonds | C62: 0 | D62: 0 | E62: 0 | F62: 0 | G62: 0 | H62: 0 | I62: 0 | J62: 0 | K62: 0 | L62: 0 | M62: 0 | N62: 0 | O62: 0 | P62: 0 | Q62: -115734 | R62: 0 | S62: 0 | T62: 0 | U62: 0 | V62: 0
B63: Prepaid finance costs written off | C63: 0 | D63: 0 | E63: 0 | F63: 0 | G63: -3047 | H63: 0 | I63: 0 | J63: 0 | K63: 0 | L63: 0 | M63: 0 | N63: 0 | O63: 0 | P63: 0 | Q63: 0 | R63: 0 | S63: 0 | T63: - | U63: - | V63: -
B64: Borrowing costs | C64: 0 | D64: 0 | E64: 0 | F64: 0 | G64: 0 | H64: -15 | I64: 0 | J64: 0 | K64: 0 | L64: 0 | M64: 0 | N64: 0 | O64: 0 | P64: 0 | Q64: 0 | R64: 0 | S64: 0 | T64: - | U64: - | V64: -
B65: Share of results of equity accounted investees | C65: 0 | D65: 0 | E65: 0 | F65: 0 | G65: 0 | H65: 0 | I65: 0 | J65: 0 | K65: 0 | L65: 0 | M65: 0 | N65: 0 | O65: 0 | P65: 0 | Q65: 0 | R65: 0 | S65: 0 | T65: 15737.963 | U65: 0 | V65: =6426.64121101136+0.3 -> 6426.9412
B67: Profit before income tax | C67: =SUM(C46,C47,C53)+C65 -> 66 | D67: =SUM(D46,D47,D53)+D65 -> 27282 | E67: =SUM(E46,E47,E53)+E65 -> 8841.7227 | F67: =SUM(F46,F47,F53)+F65 -> 93236.514 | G67: =SUM(G46,G47,G53)+G65 -> 168817.15 | H67: =SUM(H46,H47,H53)+H65 -> 93594.402 | I67: =SUM(I46,I47,I53)+I65 -> 66363.987 | J67: =SUM(J46,J47,J53)+J65 -> 40847.8 | ... V67: =SUM(V46,V47,V53)+V65 -> 64699.582
B69: Income tax expense | C69: =SUM(C70:C71) -> 39118 | D69: =SUM(D70:D71) -> 8781 | E69: =SUM(E70:E71) -> 6966 | F69: =SUM(F70:F71) -> 8296 | G69: =SUM(G70:G71) -> 5596 | H69: =SUM(H70:H71) -> 3623 | I69: =SUM(I70:I71) -> -1134 | J69: =SUM(J70:J71) -> -1562 | ... V69: =SUM(V70:V71) -> 0
B70: Deferred tax | C70: 39118 | D70: 8781 | E70: 6966 | F70: 8296 | G70: 5596 | H70: 3623 | I70: -1134 | J70: -1562 | K70: 15607 | L70: 44391 | M70: 0 | N70: 0 | O70: 0 | P70: 0 | Q70: 0 | R70: 0 | S70: 0 | T70: 0 | U70: 0 | V70: 0
B72: Profit and total comprehensive income for the period | C72: =SUM(C46,C47,C53)+C65+C69 -> 39184 | D72: =SUM(D46,D47,D53)+D65+D69 -> 36063 | E72: =SUM(E46,E47,E53)+E65+E69 -> 15807.723 | F72: =SUM(F46,F47,F53)+F65+F69 -> 101532.51 | G72: =SUM(G46,G47,G53)+G65+G69 -> 174413.15 | H72: =SUM(H46,H47,H53)+H65+H69 -> 97217.402 | I72: =SUM(I46,I47,I53)+I65+I69 -> 65229.987 | J72: =SUM(J46,J47,J53)+J65+J69 -> 39285.8 | ... V72: =SUM(V46,V47,V53)+V65+V69 -> 64699.582
B73: Effective icome tax rate | D73: =#REF!/D72 -> #REF! | E73: =#REF!/E72 -> #REF! | F73: =#REF!/F72 -> #REF! | G73: =#REF!/G72 -> #REF! | H73: =#REF!/H72 -> #REF! | I73: =#REF!/I72 -> #REF!
B74: Adjusted EBITDA | C74: =C46-C28-C34+C65-C26 -> 108115 | D74: =D46-D28-D34+D65-D26 -> 137188 | E74: =E46-E28-E34+E65-E26 -> 109113.54 | F74: =F46-F28-F34+F65-F26 -> 164243.51 | G74: =G46-G28-G34+G65-G26 -> 244410 | H74: =H46-H28-H34+H65-H26 -> 230880.09 | I74: =I46-I28-I34+I65-I26 -> 213477.99 | J74: =J46-J28-J34+J65-J26 -> 245708.4 | ... V74: =V46-V28-V34+V65-V26 -> 74297.926
B75: Adjusted EBITDA margin | C75: =C74/SUM(C19) -> 0.33216482 | D75: =D74/SUM(D19) -> 0.40244303 | E75: =E74/SUM(E19) -> 0.34222294 | F75: =F74/SUM(F19) -> 0.40585369 | G75: =G74/SUM(G19) -> 0.51198529 | H75: =H74/SUM(H19) -> 0.49142349 | I75: =I74/SUM(I19) -> 0.44488817 | J75: =J74/SUM(J19) -> 0.4803026 | ... V75: =V74/SUM(V19) -> 0.2513023
B79: Consolidated Statement of Financial Position
B81: ASSETS
B82: Non-current assets
B83: Property, plant and equipment | C83: 1635190 | D83: 1635482 | E83: 1699940 | F83: 1725633 | G83: 1913195 | H83: 2197235 | I83: 2347187 | J83: 2378228 | K83: 2483393 | L83: 2623594 | M83: 2368379.9 | N83: 1826590.5 | O83: 1865352 | P83: 1829561 | Q83: 1825474.4 | R83: 1831197.4 | S83: 1921379 | T83: 1971747.9 | U83: 1943063.8 | V83: 1992433.4
B84: Deferred tax Assets | C84: 0 | D84: 0 | E84: 0 | F84: 0 | G84: 0 | H84: 1557 | I84: 1557 | J84: 1557 | K84: 1094 | L84: 0 | M84: 0 | N84: 0 | O84: 0 | P84: 0 | Q84: 0 | R84: 0 | S84: 0 | T84: 0 | U84: 0 | V84: 0
B85: Investment property | C85: 13247 | D85: 13287 | E85: 9926 | F85: 9926 | G85: 6838 | H85: 0 | I85: 0 | J85: 0 | K85: 0 | L85: 0 | M85: 0 | N85: 0 | O85: 0 | P85: 0 | Q85: 0 | R85: 0 | S85: 0 | T85: 0 | U85: 0 | V85: 0
B86: Loans receivable | C86: 0 | D86: 0 | E86: 0 | F86: 0 | G86: 0 | H86: 0 | I86: 0 | J86: 0 | L86: 35717 | M86: 18113.439 | N86: 20479.975 | O86: 24133.209 | P86: 30336.07 | Q86: 31281.5 | R86: 0 | S86: 0 | T86: 0 | U86: 0 | V86: 0
B87: Goodwill | C87: 0 | D87: 0 | E87: 0 | F87: 0 | G87: 0 | H87: 0 | I87: 46 | J87: 46 | K87: 46 | L87: 46 | M87: 46.145 | N87: 46.14498 | O87: 46.14506 | P87: 0 | Q87: 0 | R87: 0 | S87: 0 | T87: 0 | U87: 0 | V87: 0
B88: Other non-current assets | C88: 9309 | D88: 14454 | E88: 12817 | F88: 136375 | G88: 276039 | H88: 280884 | I88: 180862 | J88: 170144 | K88: 147952 | L88: 147519 | M88: 123515.79 | N88: 97478.986 | O88: 93742.754 | P88: =99084.855+46.145 -> 99131 | Q88: 130961.4 | R88: 181708.95 | S88: 158909.52 | T88: 46536.982 | U88: 155394.9 | V88: 50706.438
B89: Other receivable | R89: 47738 | S89: 53036.704 | T89: 0 | U89: 0 | V89: 0
B90: Investments in equity accounted investees | C90: 0 | D90: 0 | E90: 0 | F90: 0 | G90: 0 | H90: 0 | I90: 0 | J90: 0 | K90: 0 | L90: 0 | M90: 0 | N90: 0 | O90: 0 | P90: 0 | Q90: 0 | R90: 0 | S90: 27.008 | T90: 73606.6 | U90: 57780.899 | V90: 79956.174
B91: Total Non-current assets | C91: =SUM(C83:C90) -> 1657746 | D91: =SUM(D83:D90) -> 1663223 | E91: =SUM(E83:E90) -> 1722683 | F91: =SUM(F83:F90) -> 1871934 | G91: =SUM(G83:G90) -> 2196072 | H91: =SUM(H83:H90) -> 2479676 | I91: =SUM(I83:I90) -> 2529652 | J91: =SUM(J83:J90) -> 2549975 | ... V91: =SUM(V83:V90) -> 2123096
B92: Current assets
B93: Inventories | C93: 27858 | D93: 33734 | E93: 23725 | F93: 17992 | G93: 23737 | H93: 35571 | I93: 43059 | J93: 34008 | K93: 34768 | L93: 29752 | M93: 32806.655 | N93: 32881.646 | O93: 40224.4 | P93: 38399 | Q93: 36937 | R93: 33944.159 | S93: 37330.111 | T93: 39505.53 | U93: 35269.768 | V93: 35762.28
B94: Loans receivable | C94: 0 | D94: 0 | E94: 0 | F94: 0 | G94: 0 | H94: 0 | I94: 0 | J94: 0 | K94: 38341 | L94: 3974 | M94: 0 | N94: -0.019560138 | O94: 0 | P94: 0 | Q94: 0 | R94: 0 | S94: 0 | T94: 0 | U94: 0 | V94: 0
B95: Investment in Government bonds | P95: 0 | Q95: 0 | R95: 0 | S95: 0 | T95: 0 | U95: 0 | V95: 7979.0551
B96: Tax assets | D96: 0 | E96: 4615 | F96: 0 | G96: 511 | H96: 0 | I96: 11689 | J96: 10924 | K96: 10993 | L96: 7129 | M96: 2360.0538 | N96: 3899.0757 | O96: 6382.8283 | P96: 1830 | Q96: 0 | R96: 3363.264 | S96: 7264.5933 | T96: 2896.2434 | U96: 2634.0885 | V96: 0
B97: Prepayments | C97: 33178 | D97: 28555 | E97: 35061 | F97: 42665 | G97: 27714 | H97: 61648 | I97: 39429 | J97: 18547 | K97: 11901 | L97: 350 | M97: 383.12213 | N97: 415.47899 | O97: 1369.4758 | P97: 1942 | Q97: 5635 | R97: 8346.537 | S97: 3562.1042 | T97: 898.31929 | U97: 6756.5437 | V97: 3540.7126
B98: Other current assets | C98: 0 | D98: 0 | E98: 0 | F98: 0 | G98: 0 | H98: 0 | I98: 0 | J98: 0 | K98: 0 | L98: 0 | M98: 0 | N98: 0 | O98: 0 | P98: 0 | Q98: 0 | R98: 0 | S98: 0 | T98: 103480.41 | U98: 0 | V98: 113426.74
B99: Trade and other receivables | C99: 7968 | D99: 19220 | E99: 22194 | F99: 26913 | G99: 27355 | H99: 39253 | I99: 52402 | J99: 53944 | K99: 70645 | L99: 99649 | M99: 73614 | N99: 40911.902 | O99: 24336.562 | P99: 23579 | Q99: 13965 | R99: 14518.879 | S99: 30904.836 | T99: 27870.136 | U99: 56105.346 | V99: 44894.339
B100: Term deposit | C100: 0 | D100: 0 | E100: 0 | F100: 0 | G100: 0 | H100: 0 | I100: 0 | J100: 0 | K100: 0 | L100: 0 | M100: 0 | N100: 0 | O100: 0 | P100: 0 | Q100: 3254 | R100: 4070.5753 | S100: 0 | T100: 0 | U100: 30034.311 | V100: 44784.253
B101: Cash and cash equivalents | C101: 4211 | D101: 3196 | E101: 1361 | F101: 335855 | G101: 64516 | H101: 115075.75 | I101: 208996 | J101: 300983 | K101: 294784 | L101: 277953 | M101: 243018.11 | N101: 241307.87 | O101: 257975.58 | P101: 322986 | Q101: 212224 | R101: 274629.49 | S101: 283547.05 | T101: 318299.58 | U101: 242774.6 | V101: 245483.53
B102: Bank Deposits | C102: 0 | D102: 0 | E102: 0 | F102: 38021 | G102: 76449 | H102: 100321 | I102: 0 | J102: 0 | K102: 0 | L102: 0 | M102: 0 | N102: 0 | O102: 0 | P102: 0 | Q102: 0 | R102: 0 | S102: 0 | T102: 0 | U102: 0 | V102: 0
B103: Restricted cash | C103: 9868 | D103: 0 | E103: 0 | F103: 0 | G103: 0 | H103: 0 | I103: 0 | J103: 0 | K103: 0 | L103: 0 | M103: 0 | N103: 0 | O103: 0 | P103: 0 | Q103: 0 | R103: 0 | S103: 0 | T103: 0 | U103: 0 | V103: 0
B104: Total current assets | C104: =SUM(C93:C103) -> 83083 | D104: =SUM(D93:D103) -> 84705 | E104: =SUM(E93:E103) -> 86956 | F104: =SUM(F93:F103) -> 461446 | G104: =SUM(G93:G103) -> 220282 | H104: =SUM(H93:H103) -> 351868.75 | I104: =SUM(I93:I103) -> 355575 | J104: =SUM(J93:J103) -> 418406 | ... V104: =SUM(V93:V103) -> 495870.92
B105: TOTAL ASSETS | C105: =C91+C104 -> 1740829 | D105: =D91+D104 -> 1747928 | E105: =E91+E104 -> 1809639 | F105: =F91+F104 -> 2333380 | G105: =G91+G104 -> 2416354 | H105: =H91+H104 -> 2831544.8 | I105: =I91+I104 -> 2885227 | J105: =J91+J104 -> 2968381 | ... V105: =V91+V104 -> 2618967
B107: EQUITY AND LIABILITIES
B108: Equity
B109: Share capital | C109: 935588 | D109: 933635 | E109: 967207 | F109: 985376 | G109: 1000463 | H109: 1049751 | I109: 1050075 | J109: 1052202 | K109: 1052605 | L109: 1053004 | M109: 1053271 | N109: 1053713.6 | O109: 1053371 | P109: 1053935.7 | Q109: 1054805.4 | R109: 1055030.9 | S109: 1055030.9 | T109: 1055121.3 | U109: 1055121.3 | V109: 1055685.9
B110: Non-cash owner contribution reserve | C110: 9397 | D110: 33752 | E110: 25311 | F110: 35404 | G110: 38043 | H110: 31673 | I110: 31673 | J110: 34214 | K110: 34214 | L110: 98312 | M110: 98191.912 | N110: 100244.42 | O110: 100322.05 | P110: 100322.45 | Q110: 100584.6 | R110: 100601.96 | S110: 100601.96 | T110: 100601.56 | U110: 100600.96 | V110: 100601.96
B111: Retained earnings | C111: 484332.05 | D111: 576357 | E111: 556165 | F111: 612261 | G111: 763502 | H111: 449376.2 | I111: 487379 | J111: 476335 | K111: 384391.47 | L111: 447960 | M111: 93385.125 | N111: -624742.4 | O111: -630327.92 | P111: -794972 | Q111: -742261.19 | R111: -374364.59 | S111: -287589 | T111: -219405.02 | U111: -285426.61 | V111: -154706.56
B112: Total equity | C112: =SUM(C109:C111) -> 1429317.1 | D112: =SUM(D109:D111) -> 1543744 | E112: =SUM(E109:E111) -> 1548683 | F112: =SUM(F109:F111) -> 1633041 | G112: =SUM(G109:G111) -> 1802008 | H112: =SUM(H109:H111) -> 1530800.2 | I112: =SUM(I109:I111) -> 1569127 | J112: =SUM(J109:J111) -> 1562751 | ... V112: =SUM(V109:V111) -> 1001581.3
...

Sheet Sheet1
I2: =I4-B4 -> 81319.2
B3: 2018 | C3: 2019 | D3: =C3+1 -> 2020 | E3: =D3+1 -> 2021 | F3: =E3+1 -> 2022 | G3: =F3+1 -> 2023 | H3: =G3+1 -> 2024 | I3: =H3+1 -> 2025 | J3: ჯამი
A4: ხელფასის ხარჯი | B4: 116793 | C4: 118635 | D4: 127108 | E4: 150613 | F4: 151458 | G4: 185424 | H4: 180102 | I4: =H4*1.1 -> 198112.2
C5: =C4/B4-1 -> 0.015771493 | D5: =D4/C4-1 -> 0.071420744 | E5: =E4/D4-1 -> 0.18492148 | F5: =F4/E4-1 -> 0.0056104055 | G5: =G4/F4-1 -> 0.22426019 | H5: =H4/G4-1 -> -0.028701786 | I5: =I4/H4-1 -> 0.1 | J5: =SUM(C5:I5) -> 0.57328253
A6: თანამშ. რაოდენობა | B6: 12630 | C6: 12669 | D6: 12369 | E6: 12414 | F6: 12378 | G6: 12119 | H6: 11740 | I6: =H6 -> 11740
A7: საშ. ხელფასი | B7: =B4/B6/12*1000 -> 770.6057 | C7: =C4/C6/12*1000 -> 780.34967 | D7: =D4/D6/12*1000 -> 856.36133 | E7: =E4/E6/12*1000 -> 1011.0426 | F7: =F4/F6/12*1000 -> 1019.672 | G7: =G4/G6/12*1000 -> 1275.0227 | H7: =H4/H6/12*1000 -> 1278.4072 | I7: =I4/I6/12*1000 -> 1406.2479
C8: =C7/B7-1 -> 0.012644562 | D8: =D7/C7-1 -> 0.09740718 | E8: =E7/D7-1 -> 0.18062622 | F8: =F7/E7-1 -> 0.0085351085 | G8: =G7/F7-1 -> 0.25042435 | H8: =H7/G7-1 -> 0.0026544338 | I8: =I7/H7-1 -> 0.1 | J8: =SUM(C8:I8) -> 0.65229185
I9: =I7/B7-1 -> 0.82486046 | J9: <---- 2025 vs 2018

Sheet FS (2)
B1: Historical Consolidated IFRS Financial Statements
B2: (Consolidated Statement of Profit or Loss; Statement of Financial Position and Statement of Cash Flows)
B3: JSC Georgian Railway
A4: Column1 | B4: ’000 GEL | C4: 2007 | D4: 2008 | E4: 2009 | F4: 2010 | G4: 2011 | H4: 2012 | I4: 2013 | J4: 2014 | K4: 2015 | L4: 2016 | M4: 2017 | N4: 2018 | O4: 2019 | P4: 2020 | Q4: 2021 | R4: 2022 | S4: 2023 | T4: 2024 | X4: 2020 | Y4: 2021 | Z4: 2022 | AA4: 2023 | AB4: 2024
B6: Consolidated Statements of Profit or Loss and Other Comprehensive Income
B8: Freight transportation | C8: 248942 | D8: 239512.64 | E8: 238795.42 | F8: 298013.68 | G8: 348924.11 | H8: 350866.03 | I8: 364057 | J8: 382732 | K8: 392773.6 | L8: 292612 | M8: 262771.5 | N8: 241313.41 | O8: 308515.4 | P8: 316452.44 | Q8: 353929.4 | R8: 388445.89 | S8: 346537.18 | T8: 362659.42
B9: Freight handling | C9: 41350 | D9: 55250.793 | E9: 35354.168 | F9: 56568.831 | G9: 61990.886 | H9: 50924.974 | I9: 60529 | J9: 69049 | K9: 79177 | L9: 52974 | M9: 50188.5 | N9: 51650.49 | O9: 65398 | P9: 72855.29 | Q9: 69865.4 | R9: 92179.848 | S9: 82729.308 | T9: 86491.434
B10: Logistic service | C10: NA | D10: NA | E10: NA | F10: NA | G10: NA | H10: NA | I10: NA | J10: NA | K10: 56086 | L10: 52582 | M10: 73774 | N10: 70317.663 | O10: 48814 | P10: 54105.764 | Q10: 69370.53 | R10: 123071.48 | S10: 132213 | T10: 128846.63
B11: Freight car rental | C11: 11520 | D11: 16590 | E11: 16543 | F11: 22302 | G11: 43957 | H11: 46382 | I11: 34308 | J11: 37811 | K11: 24261 | L11: 13948 | M11: 16780.3 | N11: 25361.675 | O11: 0 | P11: 0 | Q11: 0 | R11: 0 | T11: 0
B12: Rent of wagons and other rental income | C12: 0 | D12: 0 | E12: 0 | F12: 0 | G12: 0 | H12: 0 | I12: 0 | J12: 0 | K12: 0 | L12: 0 | M12: 0 | N12: 0 | O12: 16090 | P12: 8838 | Q12: 4647.438 | R12: 4072.1343 | S12: 4158.1125 | T12: 3829.477
B13: Freight car cross-border charge | C13: 0 | D13: 0 | E13: 0 | F13: 0 | G13: 0 | H13: 0 | I13: 0 | J13: 0 | K13: 0 | L13: 0 | M13: 0 | N13: 0 | O13: 14156 | P13: 14147.398 | Q13: 9910.3441 | R13: 9702.597 | S13: 15705.019 | T13: 15609.014
B14: Passenger traffic | C14: 17165 | D14: 16615 | E14: 13952 | F14: 15668 | G14: 15257 | H14: 17432 | I14: 18044.4 | J14: 18317 | K14: 15487 | L14: 18007 | M14: 22844 | N14: 27403.903 | O14: 31138 | P14: 11201.261 | Q14: 14807.701 | R14: 27423.406 | S14: 41218.622 | T14: 36668.582
B15: Revenue from PSC* | O15: 0 | P15: 0 | Q15: 0 | R15: 0 | S15: 0 | T15: 8725.922
B16: Rent, scrap realization,other | C16: 4931 | D16: 3509.294 | E16: 3731 | F16: 7721 | G16: 7248 | H16: 4214 | I16: 2908 | J16: 3661 | K16: 6988 | L16: 9799 | M16: 8176 | N16: 8567.3379 | O16: 6927 | P16: 11770 | Q16: 25337 | R16: 29877.941 | S16: 4612 | T16: 14017.582
B17: Telecom revenue | C17: 1578 | D17: 9410.27 | E17: 10462 | F17: 4413 | G17: 0 | H17: 0 | I17: 0 | J17: 0 | K17: 0 | L17: 0 | M17: 0 | N17: 0 | O17: 0 | P17: 0 | Q17: 0 | R17: 0 | S17: 0 | T17: 0
B18: Revenue | C18: =SUM(C8:C17) -> 325486 | D18: =SUM(D8:D17) -> 340888 | E18: =SUM(E8:E17) -> 318837.59 | F18: =SUM(F8:F17) -> 404686.51 | G18: =SUM(G8:G17) -> 477377 | H18: =SUM(H8:H17) -> 469819 | I18: =SUM(I8:I17) -> 479846.4 | J18: =SUM(J8:J17) -> 511570 | ... T18: =SUM(T8:T17) -> 656848.06
B20: Continuing operations | C20: 6509 | D20: 3214 | E20: 6538 | F20: 7087.9317 | G20: 8622 | H20: 12660 | I20: 15547.483 | J20: 10390 | K20: 13293.116 | L20: 12165 | M20: 7748 | N20: 2785.7098 | O20: 4766.9728 | P20: 3091.0172 | Q20: 3391 | R20: 5112.9496 | S20: 5716.5999 | T20: 9448.711
B21: Profit generated from associate entity | O21: 0 | P21: 0 | Q21: 0 | R21: 0 | S21: 0 | T21: 15621.619
B22: Gain on sale of subsidiary | C22: 0 | D22: 0 | E22: 0 | F22: 4279.1807 | G22: 0 | H22: 0 | I22: 0 | J22: 0 | K22: 0 | L22: 0 | M22: 0 | N22: 0 | O22: 0 | P22: 0 | Q22: 0 | R22: 0 | T22: 0
B23: Other | C23: 3055 | D23: 15500 | E23: 4140 | F23: 6450.8875 | G23: 3403 | H23: 19293 | I23: -95.896188 | J23: 1963.4 | K23: 9975 | L23: 6957 | M23: 7812 | N23: 16726.262 | O23: 7984.1331 | P23: 9456 | Q23: 5560 | R23: 10711.756 | S23: 3275.9001 | T23: 3187.649
B24: Other Income | C24: =SUM(C20:C23) -> 9564 | D24: =SUM(D20:D23) -> 18714 | E24: =SUM(E20:E23) -> 10678 | F24: =SUM(F20:F23) -> 17818 | G24: =SUM(G20:G23) -> 12025 | H24: =SUM(H20:H23) -> 31953 | I24: =SUM(I20:I23) -> 15451.587 | J24: =SUM(J20:J23) -> 12353.4 | ... T24: =SUM(T20:T23) -> 28257.979
B26: Impairment loss on property, plant and equipment | C26: 0 | D26: 0 | E26: 0 | F26: 0 | G26: 0 | H26: 0 | I26: 0 | J26: 0 | K26: 0 | L26: 0 | M26: -382616 | N26: -691387 | O26: 0 | P26: 0 | Q26: 0 | R26: 0 | S26: 0 | T26: 0
B27: Employee benefits expense | C27: -105307 | D27: -108747 | E27: -106113 | F27: -111257 | G27: -108493 | H27: -108467 | I27: -133509 | J27: -145174 | K27: -148624.54 | L27: -146626.17 | M27: -148302 | N27: -154338.38 | O27: -160561.48 | P27: -170502.46 | Q27: -180701.4 | R27: -197707.86 | S27: -239055.55 | T27: -233224.44
B28: Depreciation and amortization expenses | C28: -106658 | D28: -98885 | E28: -96111 | F28: -98749 | G28: -92137 | H28: -97082 | I28: -101927 | J28: -105258 | K28: -104416.45 | L28: -106267.41 | M28: -109702.67 | N28: -113804.16 | O28: -81234.703 | P28: -76155.805 | Q28: -58397 | R28: -66585.279 | S28: -76895 | T28: -61698.732
B29: Electricity, inventory and repair work | C29: =SUM(C30:C33) -> -64707 | D29: =SUM(D30:D33) -> -56460 | E29: =SUM(E30:E33) -> -49491.052 | F29: =SUM(F30:F33) -> -49629 | G29: =SUM(G30:G33) -> -58863 | H29: =SUM(H30:H33) -> -60702.261 | I29: =SUM(I30:I33) -> -59716 | J29: =SUM(J30:J33) -> -57240 | ... T29: =SUM(T30:T33) -> -86269.291
B30: Electricity | C30: -18192 | D30: -22319 | E30: -19310.515 | F30: -21386 | G30: -24180 | H30: -23127 | I30: -21236 | J30: -20091 | K30: -20424.171 | L30: -21687 | M30: -20868.4 | N30: -20962 | O30: -22069 | P30: -19519 | Q30: -30857.4 | R30: -43916.041 | S30: -38677.338 | T30: -40418.243
B31: Materials | C31: -24662 | D31: -11793 | E31: -13345.137 | F31: -13565 | G31: -13849 | H31: -20758.261 | I31: -19770 | J31: -19280 | K31: -19275.973 | L31: -14121 | M31: -11565 | N31: -11928.544 | O31: -12135 | P31: -10306.149 | Q31: -12103 | R31: -15236.596 | S31: -14481.573 | T31: -19620.025
B32: Fuel | C32: -9530 | D32: -11775 | E32: -7659.4 | F32: -9669 | G32: -9734 | H32: -9088 | I32: -8160 | J32: -7868 | K32: -5806.991 | L32: -4306 | M32: -5237 | N32: -6704.2749 | O32: -7023 | P32: -6184 | Q32: -6544.8708 | R32: -10485.443 | S32: -8739.3004 | T32: -7265.508
B33: Repair and maintenance | C33: -12323 | D33: -10573 | E33: -9176 | F33: -5009 | G33: -11100 | H33: -7729 | I33: -10550 | J33: -10001 | K33: -15420.266 | L33: -7175 | M33: -3820 | N33: -4113.1533 | O33: -6694 | P33: -5401.657 | Q33: -5062.0415 | R33: -10568.896 | S33: -12823.807 | T33: -18965.515
B34: Impairment gain/(loss) on trade receivables | M34: -12115 | N34: -12017 | O34: -33728.665 | P34: -13559.5 | Q34: -2790.6556 | R34: 840.43081 | S34: 6016 | T34: -3493.4937
B35: Other Expenses | C35: =SUM(C36:C45) -> -35509 | D35: =SUM(D36:D45) -> -42114 | E35: =SUM(E36:E45) -> -54963 | F35: =SUM(F36:F45) -> -66806 | G35: =SUM(G36:G45) -> -62119 | H35: =SUM(H36:H45) -> -80716.648 | I35: =SUM(I36:I45) -> -78769 | J35: =SUM(J36:J45) -> -71479 | ... T35: =SUM(T36:T45) -> -144516.82
B36: Taxes other than income tax | C36: -7527 | D36: -3633 | E36: -16591 | F36: -16277 | G36: -17658 | H36: -20729 | I36: -23554 | J36: -24384 | K36: -25969 | L36: -26474.188 | M36: -27043.4 | N36: -26813 | O36: -22225 | P36: -23937.951 | Q36: -30458.27 | R36: -24254.121 | S36: -24604.126 | T36: -25542.474
B37: Write off of PPE | C37: 0 | D37: 0 | E37: -6622 | F37: -4831 | G37: -4094 | H37: -5853.648 | I37: -296 | J37: 0 | K37: -164 | L37: -254.4828 | M37: -803 | N37: -1250 | O37: -1030 | P37: -2235.6 | Q37: -1874.128 | R37: -876.73028 | S37: -3798.9005 | T37: -695.97
B38: Write off of CIP | C38: 0 | D38: 0 | E38: 0 | F38: 0 | G38: 0 | H38: -8931 | I38: -5687 | J38: -3858 | K38: 0 | L38: 0 | M38: 0 | N38: 0 | O38: 0 | P38: 0 | Q38: 0 | R38: 0 | S38: 0 | T38: 0
B39: Security and other operating expenses | C39: -15333 | D39: -19337 | E39: -15588 | F39: -17532 | G39: -16967 | H39: -20165 | I39: -27387 | J39: -23245 | K39: -8734 | L39: -8928 | M39: -8918 | N39: -9208.5803 | O39: -9246 | P39: -9916.7 | Q39: -9731 | R39: -10390.108 | S39: -12364.076 | T39: -13166.112
B40: Freight car cross-border charge | C40: -9371 | D40: -10746 | E40: -6378 | F40: -9046 | G40: -23400 | H40: -25038 | I40: -21845 | J40: -19992 | K40: -11210 | L40: -4407 | M40: -4094.5 | N40: -4177 | O40: -3780 | P40: -3688.1096 | Q40: -4064.7904 | R40: -10927.961 | S40: -8324.7494 | T40: -15176.512
B41: Logistic service | C41: NA | D41: NA | E41: NA | F41: NA | G41: NA | H41: NA | I41: NA | J41: NA | K41: -17197 | L41: -14270 | M41: -12996 | N41: -17635.5 | O41: -20182 | P41: -21105.292 | Q41: -32918.385 | R41: -71284.841 | S41: -88461 | T41: -76485.556
B42: Internet and cable lease (Telecom) | C42: -1279 | D42: -5071 | E42: -7116 | F42: -3611 | G42: 0 | H42: 0 | I42: 0 | J42: 0 | K42: 0 | L42: 0 | M42: 0 | N42: 0 | O42: 0 | P42: 0 | Q42: 0 | R42: 0 | S42: 0 | T42: 0
B43: Inventory write-off | C43: 0 | D43: -96 | E43: -2668 | F43: 0 | G43: 0 | H43: 0 | I43: 0 | J43: 0 | K43: 0 | L43: 0 | M43: 0 | N43: 0 | O43: 0 | P43: 0 | Q43: 0 | R43: 0 | S43: 0 | T43: 0
B44: Other | C44: 0 | D44: 0 | E44: 0 | F44: 0 | G44: 0 | H44: 0 | I44: 0 | J44: 0 | K44: -7576 | L44: -8944 | M44: -18013 | N44: -14674 | O44: -15665.4 | P44: -10158.46 | Q44: -15928 | R44: -10787.568 | S44: -16394.987 | T44: -13450.197
B45: Other provisions | C45: -1999 | D45: -3231 | E45: 0 | F45: -15509 | G45: 0 | H45: 0 | I45: 0 | J45: 0 | K45: -2355 | L45: -390 | M45: 0 | N45: 0 | O45: 0 | P45: 0 | Q45: 0 | R45: 0 | S45: 0 | T45: 0
B46: Operating activities | C46: =SUM(C18,C19,C24,C27:C29,C35) -> 22869 | D46: =SUM(D18,D19,D24,D27:D29,D35) -> 53396 | E46: =SUM(E18,E19,E24,E27:E29,E35) -> 22837.538 | F46: =SUM(F18,F19,F24,F27:F29,F35) -> 96063.514 | G46: =SUM(G18,G19,G24,G27:G29,G35) -> 167790 | H46: =SUM(H18,H19,H24,H27:H29,H35) -> 154804.09 | I46: =SUM(I18,I19,I24,I27:I29,I35) -> 121376.99 | J46: =SUM(J18,J19,J24,J27:J29,J35) -> 144772.4 | ... L46: =SUM(L18,L19,L24,L27:L29,L35) -> 95193.749 | M46: =SUM(M18,M19,M24,M26:M29,M35,M34) -> -315999.67 | N46: =SUM(N18,N19,N24,N26:N29,N35,N34) -> -644886.14 | O46: =SUM(O18,O19,O24,O26:O29,O35,O34) -> 108215.26 | P46: =SUM(P18,P19,P24,P26:P29,P35,P34) -> 129246.49 | Q46: =SUM(Q18,Q19,Q24,Q26:Q29,Q35,Q34) -> 165387.87 | R46: =SUM(R18,R19,R24,R26:R29,R35,R34) -> 218416.99 | S46: =SUM(S18,S19,S24,S26:S29,S35,S34) -> 97561.34 | T46: =SUM(T18,T19,T24,T26:T29,T35,T34) -> 155903.26 | W46: Operating activities | X46: 129246.49 | Y46: 165387.87 | Z46: 218416.99 | AA46: 97561.34 | AB46: 155903.26
B48: Finance income | C48: =SUM(C49:C49) -> 1669 | D48: =SUM(D49:D49) -> 884 | E48: =SUM(E49:E49) -> 610.18203 | F48: =SUM(F49:F49) -> 3229 | G48: =SUM(G49:G49) -> 10940.995 | H48: =SUM(H49:H49) -> 15902.132 | I48: =SUM(I49:I49) -> 12334 | J48: =SUM(J49:J49) -> 11666.4 | ... N48: =SUM(N49:N49) -> 14533.584 | O48: =SUM(O49:O51) -> 14849.4 | P48: =SUM(P49:P51) -> 26508 | Q48: =SUM(Q49:Q51) -> 23670 | R48: =SUM(R49:R51) -> 30478.26 | S48: =SUM(S49:S51) -> 38859 | T48: =SUM(T49:T51) -> 27688.041 | W48: Finance income/(cost) | X48: =SUM(X49:X61) -> -101475 | Y48: =SUM(Y49:Y61) -> -196401 | Z48: =SUM(Z49:Z61) -> -40014.988 | AA48: =SUM(AA49:AA61) -> -22231 | AB48: =SUM(AB49:AB61) -> -33620.584
B49: Interest income | C49: 1669 | D49: 884 | E49: 610.18203 | F49: 3229 | G49: 10940.995 | H49: 15902.132 | I49: 12334 | J49: 11666.4 | K49: 20932.478 | L49: 23882 | M49: 17793 | N49: 14533.584 | O49: 14849.4 | P49: 18920 | Q49: 23631 | R49: 30338.022 | S49: 37229 | T49: 24318.04 | W49: Interest income | X49: 18920 | Y49: 23631 | Z49: 30338.022 | AA49: 37229 | AB49: 24318.04
B50: Gain on modification of financial instruments | C50: 0 | D50: 0 | E50: 0 | F50: 0 | G50: 0 | H50: 0 | I50: 0 | J50: 0 | K50: 0 | L50: 0 | M50: 0 | N50: 0 | O50: 0 | P50: 7367 | Q50: 0 | R50: 0 | S50: 1365 | T50: 4049.06 | W50: Gain on modification of financial instruments | X50: 7367 | Y50: 0 | Z50: 0 | AA50: 1365 | AB50: 4049.06
B51: Impairment reversal on other financial assets | C51: 0 | D51: 0 | E51: 0 | F51: 0 | G51: 0 | H51: 0 | I51: 0 | J51: 0 | K51: 0 | L51: 0 | M51: 0 | N51: 0 | O51: 0 | P51: 221 | Q51: 39 | R51: 140.238 | S51: 265 | T51: -679.059 | W51: Impairment reversal on other financial assets | X51: 221 | Y51: 39 | Z51: 140.238 | AA51: 265 | AB51: -679.059
B52: Finance cost | C52: =SUM(C53:C62) -> -3268 | D52: =SUM(D53:D62) -> -10105 | E52: =SUM(E53:E62) -> -4760.3949 | F52: =SUM(F53:F62) -> -17669 | G52: =SUM(G53:G62) -> -10491.581 | H52: =SUM(H53:H62) -> -59310.062 | I52: =SUM(I53:I62) -> -23154 | J52: =SUM(J53:J62) -> -50136 | ... T52: =SUM(T53:T62) -> -61308.625 | W52: Impairment loss on trade receivables | X52: 0 | Y52: 0 | Z52: 0 | AA52: 0 | AB52: 0
B53: Impairment loss on trade receivables | C53: -2476 | D53: -8937 | E53: -3235 | F53: -6053 | G53: -7404.5814 | H53: -7681.3083 | I53: -8903 | J53: -5245 | K53: -28626.697 | L53: -7972 | M53: -27215 | N53: 0 | O53: 0 | P53: 0 | Q53: 0 | R53: 0 | S53: 0 | T53: 0 | W53: Impairment loss on issued loans | X53: 0 | Y53: 0 | Z53: 0 | AA53: 0 | AB53: 0.298
B54: Impairment loss on issued loans | C54: 0 | D54: 0 | E54: 0 | F54: 0 | G54: 0 | H54: 0 | I54: 0 | J54: 0 | K54: 0 | L54: 0 | M54: -23502 | N54: -149 | O54: -39.4 | P54: 0 | Q54: 0 | R54: 0 | S54: 0 | T54: 0.298 | W54: Impairment loss on cash in bank | X54: 0 | Y54: 0 | Z54: -535.24778 | AA54: 0 | AB54: 0
B55: Impairment loss on cash in bank | C55: 0 | D55: 0 | E55: 0 | F55: 0 | G55: 0 | H55: 0 | I55: 0 | J55: 0 | K55: 0 | L55: 0 | M55: 0 | N55: 0 | O55: 0 | P55: 0 | Q55: 0 | R55: -535.24778 | S55: 0 | T55: 0 | W55: Loss on bond repayment | X55: 0 | Y55: 0 | Z55: 0 | AA55: 0 | AB55: 0
B56: Loss on bond repayment | C56: 0 | D56: 0 | E56: 0 | F56: 0 | G56: 0 | H56: -41177.711 | I56: 0 | J56: 0 | K56: 0 | L56: 0 | M56: 0 | N56: 0 | O56: 0 | P56: 0 | Q56: 0 | R56: 0 | S56: 0 | T56: 0 | W56: Unwinding of discount on provisions | X56: -1225 | Y56: -987 | Z56: 0 | AA56: 0 | AB56: -2543.774
B57: Unwinding of discount on provisions | C57: 0 | D57: 0 | E57: 0 | F57: 0 | G57: 0 | H57: 0 | I57: 0 | J57: 0 | K57: 0 | L57: 0 | M57: 0 | N57: 0 | O57: 0 | P57: -1225 | Q57: -987 | R57: 0 | S57: 0 | T57: -2543.774 | W57: Loss on modification of financial instruments | X57: 0 | Y57: -1927 | Z57: -5762 | AA57: 0 | AB57: 0
B58: Loss on modification of financial instruments | C58: 0 | D58: 0 | E58: 0 | F58: 0 | G58: 0 | H58: 0 | I58: 0 | J58: 0 | K58: 0 | L58: 0 | M58: 0 | N58: 0 | O58: 0 | P58: 0 | Q58: -1927 | R58: -5762 | S58: 0 | T58: 0 | W58: Interest expense | X58: -126758 | Y58: -101423 | Z58: -64196 | AA58: -61090 | AB58: -58765.149
B59: Interest expense | C59: -792 | D59: -1168 | E59: -1525.3949 | F59: -11616 | G59: -40 | H59: -10436.043 | I59: -14251 | J59: -44891 | K59: -59891.143 | L59: -52822 | M59: -53433 | N59: -47351.7 | O59: -42843.4 | P59: -126758 | Q59: -101423 | R59: -64196 | S59: -61090 | T59: -58765.149 | W59: Premium on early redemption of issued bonds | X59: 0 | Y59: -115734 | Z59: 0 | AA59: 0 | AB59: 0
B60: Premium on early redemption of issued bonds | C60: 0 | D60: 0 | E60: 0 | F60: 0 | G60: 0 | H60: 0 | I60: 0 | J60: 0 | K60: 0 | L60: 0 | M60: 0 | N60: 0 | O60: 0 | P60: 0 | Q60: -115734 | R60: 0 | S60: 0 | T60: 0 | W60: Prepaid finance costs written off | X60: 0 | Y60: 0 | Z60: 0 | AA60: 0 | AB60: -
B61: Prepaid finance costs written off | C61: 0 | D61: 0 | E61: 0 | F61: 0 | G61: -3047 | H61: 0 | I61: 0 | J61: 0 | K61: 0 | L61: 0 | M61: 0 | N61: 0 | O61: 0 | P61: 0 | Q61: 0 | R61: 0 | S61: 0 | T61: - | W61: Borrowing costs | X61: 0 | Y61: 0 | Z61: 0 | AA61: 0 | AB61: -
B62: Borrowing costs | C62: 0 | D62: 0 | E62: 0 | F62: 0 | G62: 0 | H62: -15 | I62: 0 | J62: 0 | K62: 0 | L62: 0 | M62: 0 | N62: 0 | O62: 0 | P62: 0 | Q62: 0 | R62: 0 | S62: 0 | T62: -
B63: Net foreign exchange gain/(loss) | O63: -85248.5 | P63: -191901.4 | Q63: 84224 | R63: 218923.44 | S63: 12065 | T63: -53829.487 | W63: Net foreign exchange gain/(loss) | X63: -191901.4 | Y63: 84224 | Z63: 218923.44 | AA63: 12065 | AB63: -53829.487
B65: Net finance income/(cost) | O65: =O48+O52+O63 -> -113281.9 | P65: =P48+P52+P63 -> -293376.4 | Q65: =Q48+Q52+Q63 -> -112177 | R65: =R48+R52+R63 -> 178908.46 | S65: =S48+S52+S63 -> -10166 | T65: =T48+T52+T63 -> -87450.071 | W65: Net finance income/(cost) | X65: =X48+X63 -> -293376.4 | Y65: =Y48+Y63 -> -112177 | Z65: =Z48+Z63 -> 178908.46 | AA65: =AA48+AA63 -> -10166 | AB65: =AB48+AB63 -> -87450.071
B67: Profit before income tax | C67: =SUM(C46,C48,C52) -> 21270 | D67: =SUM(D46,D48,D52) -> 44175 | E67: =SUM(E46,E48,E52) -> 18687.325 | F67: =SUM(F46,F48,F52) -> 81623.514 | G67: =SUM(G46,G48,G52) -> 168239.41 | H67: =SUM(H46,H48,H52) -> 111396.16 | I67: =SUM(I46,I48,I52) -> 110556.99 | J67: =SUM(J46,J48,J52) -> 106302.8 | ... N67: =SUM(N46,N48,N52) -> -677853.26 | O67: =SUM(O46,O65) -> -5066.6447 | P67: =SUM(P46,P65) -> -164129.91 | Q67: =SUM(Q46,Q65) -> 53210.871 | R67: =SUM(R46,R65) -> 397325.44 | S67: =SUM(S46,S65) -> 87395.34 | T67: =SUM(T46,T65) -> 68453.188 | W67: Profit before income tax | X67: -164129.91 | Y67: 53210.871 | Z67: 397325.44 | AA67: 87395.34 | AB67: 68453.188
B68: Income tax expense | C68: =SUM(C69:C70) -> 17706 | D68: =SUM(D69:D70) -> -6312 | E68: =SUM(E69:E70) -> -2869 | F68: =SUM(F69:F70) -> -22273 | G68: =SUM(G69:G70) -> -9921 | H68: =SUM(H69:H70) -> -17383 | I68: =SUM(I69:I70) -> -10960 | J68: =SUM(J69:J70) -> -5884 | ... T68: =SUM(T69:T70) -> -576.47708 | W68: Income tax expense | X68: -513.82755 | Y68: -499.87369 | Z68: -644.44986 | AA68: -619.12092 | AB68: -576.47708
B69: Current year | C69: -21412 | D69: -15093 | E69: -9835 | F69: -30569 | G69: -15517 | H69: -21006 | I69: -9826 | J69: -4322 | K69: -5052 | L69: -5532 | M69: -648.4 | N69: -1168.8586 | O69: -518.94262 | P69: -513.82755 | Q69: -499.87369 | R69: -644.44986 | S69: -619.12092 | T69: -576.47708 | W69: Current year | X69: -513.82755 | Y69: -499.87369 | Z69: -644.44986 | AA69: -619.12092 | AB69: -576.47708
B70: Deferred tax | C70: 39118 | D70: 8781 | E70: 6966 | F70: 8296 | G70: 5596 | H70: 3623 | I70: -1134 | J70: -1562 | K70: 15607 | L70: 44391 | M70: 0 | N70: 0 | O70: 0 | P70: 0 | Q70: 0 | R70: 0 | S70: 0 | T70: 0 | W70: Deferred tax | X70: 0 | Y70: 0 | Z70: 0 | AA70: 0 | AB70: 0
B71: Profit and total compregensive income for the year | C71: =SUM(C67:C68) -> 38976 | D71: =SUM(D67:D68) -> 37863 | E71: =SUM(E67:E68) -> 15818.325 | F71: =SUM(F67:F68) -> 59350.514 | G71: =SUM(G67:G68) -> 158318.41 | H71: =SUM(H67:H68) -> 94013.161 | I71: =SUM(I67:I68) -> 99596.987 | J71: =SUM(J67:J68) -> 100418.8 | ... T71: =SUM(T67:T68) -> 67876.711 | W71: Profit and total compregensive income for the year | X71: -164643.74 | Y71: 52710.997 | Z71: 396681 | AA71: 86776.219 | AB71: 67876.711
B72: Effective icome tax rate | D72: =D68/D67 -> -0.14288625 | E72: =E68/E67 -> -0.15352652 | F72: =F68/F67 -> -0.2728748 | G72: =G68/G67 -> -0.058969535 | H72: =H68/H67 -> -0.15604667 | I72: =I68/I67 -> -0.099134395 | W72: Effective icome tax rate
B73: Adjusted EBITDA | C73: =C46-C28-C26 -> 129527 | D73: =D46-D28-D26 -> 152281 | E73: =E46-E28-E26 -> 118948.54 | F73: =F46-F28-F26 -> 194812.51 | G73: =G46-G28-G26 -> 259927 | H73: =H46-H28-H26 -> 251886.09 | I73: =I46-I28-I26 -> 223303.99 | J73: =J46-J28-J26 -> 250030.4 | ... L73: =L46-L28-L26 -> 201461.16 | M73: =M46-M28-M26-M34 -> 188434 | N73: =N46-N28-N26-N34 -> 172322.02 | O73: =O46-O28-O26-O34 -> 223178.62 | P73: =P46-P28-P26-P34 -> 218961.79 | Q73: =Q46-Q28-Q26-Q34 -> 226575.53 | R73: =R46-R28-R26-R34 -> 284161.84 | S73: =S46-S28-S26-S34 -> 168440.34 | T73: =T46-T28-T26-T34 -> 221095.49 | W73: Adjusted EBITDA | X73: 218961.79 | Y73: 226575.53 | Z73: 284161.84 | AA73: 168440.34 | AB73: 221095.49
B74: Adjusted EBITDA margin | C74: =C73/SUM(C18) -> 0.39794953 | D74: =D73/SUM(D18) -> 0.44671857 | E74: =E73/SUM(E18) -> 0.37306937 | F74: =F73/SUM(F18) -> 0.48139117 | G74: =G73/SUM(G18) -> 0.54448999 | H74: =H73/SUM(H18) -> 0.53613432 | I74: =I73/SUM(I18) -> 0.46536556 | J74: =J73/SUM(J18) -> 0.4887511 | ... T74: =T73/SUM(T18) -> 0.33660065 | W74: Adjusted EBITDA margin | X74: 0.44743593 | Y74: 0.41355875 | Z74: 0.42112194 | AA74: 0.26857067 | AB74: 0.33660065
B76: *Public Service Contract
B78: Consolidated Statement of Financial Position
B80: ASSETS | T80: =T94+T96 -> 12598.574
B81: Non-current assets
B82: Property, plant and equipment | C82: 1635190 | D82: 1635482 | E82: 1699940 | F82: 1725633 | G82: 1913195 | H82: 2197235 | I82: 2347187 | J82: 2378228 | K82: 2483393 | L82: 2623594 | M82: 2368379.9 | N82: 1826590.5 | O82: 1865352 | P82: 1829561 | Q82: 1825474.4 | R82: 1831197.4 | S82: 1921379 | T82: 1968634.3
B83: Deferred tax Assets | C83: 0 | D83: 0 | E83: 0 | F83: 0 | G83: 0 | H83: 1557 | I83: 1557 | J83: 1557 | K83: 1094 | L83: 0 | M83: 0 | N83: 0 | O83: 0 | P83: 0 | Q83: 0 | R83: 0 | S83: 0 | T83: 0
B84: Investment property | C84: 13247 | D84: 13287 | E84: 9926 | F84: 9926 | G84: 6838 | H84: 0 | I84: 0 | J84: 0 | K84: 0 | L84: 0 | M84: 0 | N84: 0 | O84: 0 | P84: 0 | Q84: 0 | R84: 0 | S84: 0 | T84: 0
B85: Loans receivable | C85: 0 | D85: 0 | E85: 0 | F85: 0 | G85: 0 | H85: 0 | I85: 0 | J85: 0 | L85: 35717 | M85: 18113.439 | N85: 20479.975 | O85: 24133.209 | P85: 30336.07 | Q85: 31281.5 | R85: 0 | S85: 0 | T85: 0
B86: Goodwill | C86: 0 | D86: 0 | E86: 0 | F86: 0 | G86: 0 | H86: 0 | I86: 46 | J86: 46 | K86: 46 | L86: 46 | M86: 46.145 | N86: 46.14498 | O86: 46.14506 | P86: 0 | Q86: 0 | R86: 0 | S86: 0 | T86: 0
B87: Other non-current assets | C87: 9309 | D87: 14454 | E87: 12817 | F87: 136375 | G87: 276039 | H87: 280884 | I87: 180862 | J87: 170144 | K87: 147952 | L87: 147519 | M87: 123515.79 | N87: 97478.986 | O87: 93742.754 | P87: =99084.855+46.145 -> 99131 | Q87: 130961.4 | R87: 181708.95 | S87: 158909.82 | T87: 146737.1
B88: Other receivable | R88: 47738 | S88: 53036.704 | T88: 0
B89: Investments | C89: 0 | D89: 0 | E89: 0 | F89: 0 | G89: 0 | H89: 0 | I89: 0 | J89: 0 | K89: 0 | L89: 0 | M89: 0 | N89: 0 | O89: 0 | P89: 0 | Q89: 0 | R89: 0 | S89: 27.008 | T89: 73606.6
B90: Total Non-current assets | C90: =SUM(C82:C89) -> 1657746 | D90: =SUM(D82:D89) -> 1663223 | E90: =SUM(E82:E89) -> 1722683 | F90: =SUM(F82:F89) -> 1871934 | G90: =SUM(G82:G89) -> 2196072 | H90: =SUM(H82:H89) -> 2479676 | I90: =SUM(I82:I89) -> 2529652 | J90: =SUM(J82:J89) -> 2549975 | ... T90: =SUM(T82:T89) -> 2188978
B91: Current assets
B92: Inventories | C92: 27858 | D92: 33734 | E92: 23725 | F92: 17992 | G92: 23737 | H92: 35571 | I92: 43059 | J92: 34008 | K92: 34768 | L92: 29752 | M92: 32806.655 | N92: 32881.646 | O92: 40224.4 | P92: 38399 | Q92: 36937 | R92: 33944.159 | S92: 37330.111 | T92: 41103.678
B93: Loans receivable | C93: 0 | D93: 0 | E93: 0 | F93: 0 | G93: 0 | H93: 0 | I93: 0 | J93: 0 | K93: 38341 | L93: 3974 | M93: 0 | N93: -0.019560138 | O93: 0 | P93: 0 | Q93: 0 | R93: 0 | S93: 0 | T93: 0
B94: Current tax assets | D94: 0 | E94: 4615 | F94: 0 | G94: 511 | H94: 0 | I94: 11689 | J94: 10924 | K94: 10993 | L94: 7129 | M94: 2360.0538 | N94: 3899.0757 | O94: 6382.8283 | P94: 1830 | Q94: 0 | R94: 3363.264 | S94: 7264.5933 | T94: 3308.4749
B95: Trade and other receivables | C95: 7968 | D95: 19220 | E95: 22194 | F95: 26913 | G95: 27355 | H95: 39253 | I95: 52402 | J95: 53944 | K95: 70645 | L95: 99649 | M95: 73614 | N95: 40911.902 | O95: 24336.562 | P95: 23579 | Q95: 13965 | R95: 14518.879 | S95: 30904.836 | T95: 28933.467
B96: Prepayments and other current assets | C96: 33178 | D96: 28555 | E96: 35061 | F96: 42665 | G96: 27714 | H96: 61648 | I96: 39429 | J96: 18547 | K96: 11901 | L96: 350 | M96: 383.12213 | N96: 415.47899 | O96: 1369.4758 | P96: 1942 | Q96: 5635 | R96: 8346.537 | S96: 3562.1042 | T96: 9290.0993
B97: Cash and cash equivalents | C97: 4211 | D97: 3196 | E97: 1361 | F97: 335855 | G97: 64516 | H97: 115075.75 | I97: 208996 | J97: 300983 | K97: 294784 | L97: 277953 | M97: 243018.11 | N97: 241307.87 | O97: 257975.58 | P97: 322986 | Q97: 212224 | R97: 274629.49 | S97: 283547.05 | T97: 318299.58
B98: Term deposit | C98: 0 | D98: 0 | E98: 0 | F98: 0 | G98: 0 | H98: 0 | I98: 0 | J98: 0 | K98: 0 | L98: 0 | M98: 0 | N98: 0 | O98: 0 | P98: 0 | Q98: 3254 | R98: 4070.5753 | S98: 0 | T98: 0
B99: Bank Deposits | C99: 0 | D99: 0 | E99: 0 | F99: 38021 | G99: 76449 | H99: 100321 | I99: 0 | J99: 0 | K99: 0 | L99: 0 | M99: 0 | N99: 0 | O99: 0 | P99: 0 | Q99: 0 | R99: 0 | S99: 0 | T99: 0
B100: Restricted cash | C100: 9868 | D100: 0 | E100: 0 | F100: 0 | G100: 0 | H100: 0 | I100: 0 | J100: 0 | K100: 0 | L100: 0 | M100: 0 | N100: 0 | O100: 0 | P100: 0 | Q100: 0 | R100: 0 | S100: 0 | T100: 0
B101: Total current assets | C101: =SUM(C92:C100) -> 83083 | D101: =SUM(D92:D100) -> 84705 | E101: =SUM(E92:E100) -> 86956 | F101: =SUM(F92:F100) -> 461446 | G101: =SUM(G92:G100) -> 220282 | H101: =SUM(H92:H100) -> 351868.75 | I101: =SUM(I92:I100) -> 355575 | J101: =SUM(J92:J100) -> 418406 | ... T101: =SUM(T92:T100) -> 400935.3
B102: TOTAL ASSETS | C102: =C90+C101 -> 1740829 | D102: =D90+D101 -> 1747928 | E102: =E90+E101 -> 1809639 | F102: =F90+F101 -> 2333380 | G102: =G90+G101 -> 2416354 | H102: =H90+H101 -> 2831544.8 | I102: =I90+I101 -> 2885227 | J102: =J90+J101 -> 2968381 | ... T102: =T90+T101 -> 2589913.3
B104: EQUITY AND LIABILITIES
B105: Equity
B106: Share capital | C106: 935588 | D106: 933635 | E106: 967207 | F106: 985376 | G106: 1000463 | H106: 1049751 | I106: 1050075 | J106: 1052202 | K106: 1052605 | L106: 1053004 | M106: 1053271 | N106: 1053713.6 | O106: 1053371 | P106: 1053935.7 | Q106: 1054805.4 | R106: 1055030.9 | S106: 1055030.9 | T106: 1055121.3
B107: Non-cash owner contribution reserve | C107: 9397 | D107: 33752 | E107: 25311 | F107: 35404 | G107: 38043 | H107: 31673 | I107: 31673 | J107: 34214 | K107: 34214 | L107: 98312 | M107: 98191.912 | N107: 100244.42 | O107: 100322.05 | P107: 100322.45 | Q107: 100584.6 | R107: 100601.96 | S107: 100601.96 | T107: 100600.96
B108: Retained earnings | C108: 484332.05 | D108: 576357 | E108: 556165 | F108: 612261 | G108: 763502 | H108: 449376.2 | I108: 487379 | J108: 476335 | K108: 384391.47 | L108: 447960 | M108: 93385.125 | N108: -624742.4 | O108: -630327.92 | P108: -794972 | Q108: -742261.19 | R108: -374364.59 | S108: -287589 | T108: -219712.53
B109: Total equity | C109: =SUM(C106:C108) -> 1429317.1 | D109: =SUM(D106:D108) -> 1543744 | E109: =SUM(E106:E108) -> 1548683 | F109: =SUM(F106:F108) -> 1633041 | G109: =SUM(G106:G108) -> 1802008 | H109: =SUM(H106:H108) -> 1530800.2 | I109: =SUM(I106:I108) -> 1569127 | J109: =SUM(J106:J108) -> 1562751 | ... T109: =SUM(T106:T108) -> 936009.71
B110: Non-current liabilities
B111: Loans and borrowings | C111: 7068 | D111: 3701 | E111: 24900 | F111: 438383 | G111: 414063 | H111: 870934 | I111: 913194 | J111: 929373 | K111: 1193301 | L111: 1361602 | M111: 1374362.7 | N111: 1336665.4 | O111: 1500687.2 | P111: 1702979.7 | Q111: 1590817.1 | R111: 1378146.7 | S111: 1339840 | T111: 1411083
...

Sheet Hor. Analysis
B2: Historical Consolidated IFRS Financial Statements
B3: (Consolidated Statement of Profit or Loss; Statement of Financial Position and Statement of Cash Flows)
B4: JSC Georgian Railway
A5: Column1 | B5: ’000 GEL | D5: 2008 | E5: 2009 | F5: 2010 | G5: 2011 | H5: 2012 | I5: 2013 | J5: 2014 | K5: 2015 | L5: 2016 | M5: 2017 | N5: 2018 | O5: 2019 | P5: 2020 | Q5: 2021 | R5: 2022 | S5: 2023 | T5: 2024
B7: Consolidated Statements of Profit or Loss and Other Comprehensive Income
B9: Freight transportation | D9: =IFERROR(FS!D9/FS!C9-1,"") -> -0.037877725 | E9: =IFERROR(FS!E9/FS!D9-1,"") -> -0.0029945028 | F9: =IFERROR(FS!F9/FS!E9-1,"") -> 0.24798742 | G9: =IFERROR(FS!G9/FS!F9-1,"") -> 0.17083253 | H9: =IFERROR(FS!H9/FS!G9-1,"") -> 0.0055654282 | I9: =IFERROR(FS!I9/FS!H9-1,"") -> 0.037595472 | J9: =IFERROR(FS!J9/FS!I9-1,"") -> 0.051296912 | K9: =IFERROR(FS!K9/FS!J9-1,"") -> 0.026236639 | ... T9: =IFERROR(FS!T9/FS!S9-1,"") -> 0.048091728
B10: Freight handling | D10: =IFERROR(FS!D10/FS!C10-1,"") -> 0.33617395 | E10: =IFERROR(FS!E10/FS!D10-1,"") -> -0.36011474 | F10: =IFERROR(FS!F10/FS!E10-1,"") -> 0.60006117 | G10: =IFERROR(FS!G10/FS!F10-1,"") -> 0.095848809 | H10: =IFERROR(FS!H10/FS!G10-1,"") -> -0.17850869 | I10: =IFERROR(FS!I10/FS!H10-1,"") -> 0.18859167 | J10: =IFERROR(FS!J10/FS!I10-1,"") -> 0.14075898 | K10: =IFERROR(FS!K10/FS!J10-1,"") -> 0.14667845 | ... T10: =IFERROR(FS!T10/FS!S10-1,"") -> 0.045475131
B11: Logistic service | D11: =IFERROR(FS!D11/FS!C11-1,"") | E11: =IFERROR(FS!E11/FS!D11-1,"") | F11: =IFERROR(FS!F11/FS!E11-1,"") | G11: =IFERROR(FS!G11/FS!F11-1,"") | H11: =IFERROR(FS!H11/FS!G11-1,"") | I11: =IFERROR(FS!I11/FS!H11-1,"") | J11: =IFERROR(FS!J11/FS!I11-1,"") | K11: =IFERROR(FS!K11/FS!J11-1,"") | ... T11: =IFERROR(FS!T11/FS!S11-1,"") -> -0.02026396
B12: Freight car rental | D12: =IFERROR(FS!D12/FS!C12-1,"") -> 0.44010417 | E12: =IFERROR(FS!E12/FS!D12-1,"") -> -0.0028330319 | F12: =IFERROR(FS!F12/FS!E12-1,"") -> 0.34812307 | G12: =IFERROR(FS!G12/FS!F12-1,"") -> 0.97098915 | H12: =IFERROR(FS!H12/FS!G12-1,"") -> 0.05516755 | I12: =IFERROR(FS!I12/FS!H12-1,"") -> -0.2603165 | J12: =IFERROR(FS!J12/FS!I12-1,"") -> 0.10210447 | K12: =IFERROR(FS!K12/FS!J12-1,"") -> -0.35836132 | ... T12: =IFERROR(FS!T12/FS!S12-1,"")
B13: Rent of wagons and other rental income | D13: =IFERROR(FS!D13/FS!C13-1,"") | E13: =IFERROR(FS!E13/FS!D13-1,"") | F13: =IFERROR(FS!F13/FS!E13-1,"") | G13: =IFERROR(FS!G13/FS!F13-1,"") | H13: =IFERROR(FS!H13/FS!G13-1,"") | I13: =IFERROR(FS!I13/FS!H13-1,"") | J13: =IFERROR(FS!J13/FS!I13-1,"") | K13: =IFERROR(FS!K13/FS!J13-1,"") | ... T13: =IFERROR(FS!T13/FS!S13-1,"") -> -0.079034785
B14: Freight car cross-border charge | D14: =IFERROR(FS!D14/FS!C14-1,"") | E14: =IFERROR(FS!E14/FS!D14-1,"") | F14: =IFERROR(FS!F14/FS!E14-1,"") | G14: =IFERROR(FS!G14/FS!F14-1,"") | H14: =IFERROR(FS!H14/FS!G14-1,"") | I14: =IFERROR(FS!I14/FS!H14-1,"") | J14: =IFERROR(FS!J14/FS!I14-1,"") | K14: =IFERROR(FS!K14/FS!J14-1,"") | ... T14: =IFERROR(FS!T14/FS!S14-1,"") -> -0.0061130424
B15: Passenger traffic | D15: =IFERROR(FS!D15/FS!C15-1,"") -> -0.032041946 | E15: =IFERROR(FS!E15/FS!D15-1,"") -> -0.16027686 | F15: =IFERROR(FS!F15/FS!E15-1,"") -> 0.12299312 | G15: =IFERROR(FS!G15/FS!F15-1,"") -> -0.02623181 | H15: =IFERROR(FS!H15/FS!G15-1,"") -> 0.14255751 | I15: =IFERROR(FS!I15/FS!H15-1,"") -> 0.035130794 | J15: =IFERROR(FS!J15/FS!I15-1,"") -> 0.01510718 | K15: =IFERROR(FS!K15/FS!J15-1,"") -> -0.15450128 | ... T15: =IFERROR(FS!T15/FS!S15-1,"") -> -0.11038797
B16: Revenue from PSC* | D16: =IFERROR(FS!D16/FS!C16-1,"") | E16: =IFERROR(FS!E16/FS!D16-1,"") | F16: =IFERROR(FS!F16/FS!E16-1,"") | G16: =IFERROR(FS!G16/FS!F16-1,"") | H16: =IFERROR(FS!H16/FS!G16-1,"") | I16: =IFERROR(FS!I16/FS!H16-1,"") | J16: =IFERROR(FS!J16/FS!I16-1,"") | K16: =IFERROR(FS!K16/FS!J16-1,"") | ... T16: =IFERROR(FS!T16/FS!S16-1,"")
B17: Rent, scrap realization,other | D17: =IFERROR(FS!D17/FS!C17-1,"") -> -0.28832002 | E17: =IFERROR(FS!E17/FS!D17-1,"") -> 0.06317681 | F17: =IFERROR(FS!F17/FS!E17-1,"") -> 1.0694184 | G17: =IFERROR(FS!G17/FS!F17-1,"") -> -0.061261495 | H17: =IFERROR(FS!H17/FS!G17-1,"") -> -0.41859823 | I17: =IFERROR(FS!I17/FS!H17-1,"") -> -0.30991932 | J17: =IFERROR(FS!J17/FS!I17-1,"") -> 0.25894085 | K17: =IFERROR(FS!K17/FS!J17-1,"") -> 0.9087681 | ... T17: =IFERROR(FS!T17/FS!S17-1,"") -> -0.072853426
B18: Telecom revenue | D18: =IFERROR(FS!D18/FS!C18-1,"") -> 4.9634157 | E18: =IFERROR(FS!E18/FS!D18-1,"") -> 0.11176406 | F18: =IFERROR(FS!F18/FS!E18-1,"") -> -0.57818773 | G18: =IFERROR(FS!G18/FS!F18-1,"") -> -1 | H18: =IFERROR(FS!H18/FS!G18-1,"") | I18: =IFERROR(FS!I18/FS!H18-1,"") | J18: =IFERROR(FS!J18/FS!I18-1,"") | K18: =IFERROR(FS!K18/FS!J18-1,"") | ... T18: =IFERROR(FS!T18/FS!S18-1,"")
B19: Revenue | D19: =IFERROR(FS!D19/FS!C19-1,"") -> 0.047320008 | E19: =IFERROR(FS!E19/FS!D19-1,"") -> -0.064685205 | F19: =IFERROR(FS!F19/FS!E19-1,"") -> 0.26925597 | G19: =IFERROR(FS!G19/FS!F19-1,"") -> 0.17962172 | H19: =IFERROR(FS!H19/FS!G19-1,"") -> -0.015832351 | I19: =IFERROR(FS!I19/FS!H19-1,"") -> 0.021343113 | J19: =IFERROR(FS!J19/FS!I19-1,"") -> 0.066111989 | K19: =IFERROR(FS!K19/FS!J19-1,"") -> 0.12354634 | ... T19: =IFERROR(FS!T19/FS!S19-1,"") -> 0.033744714
D20: =IFERROR(FS!D20/FS!C20-1,"") | E20: =IFERROR(FS!E20/FS!D20-1,"") | F20: =IFERROR(FS!F20/FS!E20-1,"") | G20: =IFERROR(FS!G20/FS!F20-1,"") | H20: =IFERROR(FS!H20/FS!G20-1,"") | I20: =IFERROR(FS!I20/FS!H20-1,"") | J20: =IFERROR(FS!J20/FS!I20-1,"") | K20: =IFERROR(FS!K20/FS!J20-1,"") | ... T20: =IFERROR(FS!T20/FS!S20-1,"")
B21: Continuing operations | D21: =IFERROR(FS!D21/FS!C21-1,"") -> -0.50622215 | E21: =IFERROR(FS!E21/FS!D21-1,"") -> 1.0342253 | F21: =IFERROR(FS!F21/FS!E21-1,"") -> 0.084113143 | G21: =IFERROR(FS!G21/FS!F21-1,"") -> 0.21643384 | H21: =IFERROR(FS!H21/FS!G21-1,"") -> 0.46833681 | I21: =IFERROR(FS!I21/FS!H21-1,"") -> 0.22807924 | J21: =IFERROR(FS!J21/FS!I21-1,"") -> -0.33172463 | K21: =IFERROR(FS!K21/FS!J21-1,"") -> 0.27941443 | ... T21: =IFERROR(FS!T21/FS!S21-1,"") -> 0.76620144
B22: Profit generated from associate entity | D22: =IFERROR(FS!#REF!/FS!#REF!-1,"") | E22: =IFERROR(FS!#REF!/FS!#REF!-1,"") | F22: =IFERROR(FS!#REF!/FS!#REF!-1,"") | G22: =IFERROR(FS!#REF!/FS!#REF!-1,"") | H22: =IFERROR(FS!#REF!/FS!#REF!-1,"") | I22: =IFERROR(FS!#REF!/FS!#REF!-1,"") | J22: =IFERROR(FS!#REF!/FS!#REF!-1,"") | K22: =IFERROR(FS!#REF!/FS!#REF!-1,"") | ... T22: =IFERROR(FS!#REF!/FS!#REF!-1,"")
B23: Gain on sale of subsidiary | D23: =IFERROR(FS!D22/FS!C22-1,"") | E23: =IFERROR(FS!E22/FS!D22-1,"") | F23: =IFERROR(FS!F22/FS!E22-1,"") | G23: =IFERROR(FS!G22/FS!F22-1,"") -> -1 | H23: =IFERROR(FS!H22/FS!G22-1,"") | I23: =IFERROR(FS!I22/FS!H22-1,"") | J23: =IFERROR(FS!J22/FS!I22-1,"") | K23: =IFERROR(FS!K22/FS!J22-1,"") | ... T23: =IFERROR(FS!T22/FS!S22-1,"")
B24: Other | D24: =IFERROR(FS!D23/FS!C23-1,"") -> 4.0736498 | E24: =IFERROR(FS!E23/FS!D23-1,"") -> -0.73290323 | F24: =IFERROR(FS!F23/FS!E23-1,"") -> 0.55818539 | G24: =IFERROR(FS!G23/FS!F23-1,"") -> -0.47247569 | H24: =IFERROR(FS!H23/FS!G23-1,"") -> 4.6694093 | I24: =IFERROR(FS!I23/FS!H23-1,"") -> -1.0049705 | J24: =IFERROR(FS!J23/FS!I23-1,"") -> -21.474224 | K24: =IFERROR(FS!K23/FS!J23-1,"") -> 4.0804726 | ... T24: =IFERROR(FS!T23/FS!S23-1,"") -> 2.8799797
B25: Other Income | D25: =IFERROR(FS!D24/FS!C24-1,"") -> 0.95671267 | E25: =IFERROR(FS!E24/FS!D24-1,"") -> -0.42941114 | F25: =IFERROR(FS!F24/FS!E24-1,"") -> 0.66866454 | G25: =IFERROR(FS!G24/FS!F24-1,"") -> -0.32512066 | H25: =IFERROR(FS!H24/FS!G24-1,"") -> 1.6572141 | I25: =IFERROR(FS!I24/FS!H24-1,"") -> -0.51642766 | J25: =IFERROR(FS!J24/FS!I24-1,"") -> -0.2005093 | K25: =IFERROR(FS!K24/FS!J24-1,"") -> 0.88353942 | ... T25: =IFERROR(FS!T24/FS!S24-1,"") -> 1.536235
D26: =IFERROR(FS!D25/FS!C25-1,"") | E26: =IFERROR(FS!E25/FS!D25-1,"") | F26: =IFERROR(FS!F25/FS!E25-1,"") | G26: =IFERROR(FS!G25/FS!F25-1,"") | H26: =IFERROR(FS!H25/FS!G25-1,"") | I26: =IFERROR(FS!I25/FS!H25-1,"") | J26: =IFERROR(FS!J25/FS!I25-1,"") | K26: =IFERROR(FS!K25/FS!J25-1,"") | ... T26: =IFERROR(FS!T25/FS!S25-1,"")
B27: Impairment loss on property, plant and equipment | D27: =IFERROR(FS!D26/FS!C26-1,"") | E27: =IFERROR(FS!E26/FS!D26-1,"") | F27: =IFERROR(FS!F26/FS!E26-1,"") | G27: =IFERROR(FS!G26/FS!F26-1,"") | H27: =IFERROR(FS!H26/FS!G26-1,"") | I27: =IFERROR(FS!I26/FS!H26-1,"") | J27: =IFERROR(FS!J26/FS!I26-1,"") | K27: =IFERROR(FS!K26/FS!J26-1,"") | ... T27: =IFERROR(FS!T26/FS!S26-1,"")
B28: Employee benefits expense | D28: =IFERROR(FS!D27/FS!C27-1,"") -> 0.032666394 | E28: =IFERROR(FS!E27/FS!D27-1,"") -> -0.024221358 | F28: =IFERROR(FS!F27/FS!E27-1,"") -> 0.048476624 | G28: =IFERROR(FS!G27/FS!F27-1,"") -> -0.024843381 | H28: =IFERROR(FS!H27/FS!G27-1,"") -> -0.0002396468 | I28: =IFERROR(FS!I27/FS!H27-1,"") -> 0.23087206 | J28: =IFERROR(FS!J27/FS!I27-1,"") -> 0.087372387 | K28: =IFERROR(FS!K27/FS!J27-1,"") -> 0.023768278 | ... T28: =IFERROR(FS!T27/FS!S27-1,"") -> -0.024392259
B29: Depreciation and amortization expenses | D29: =IFERROR(FS!D28/FS!C28-1,"") -> -0.072877796 | E29: =IFERROR(FS!E28/FS!D28-1,"") -> -0.028052789 | F29: =IFERROR(FS!F28/FS!E28-1,"") -> 0.027447431 | G29: =IFERROR(FS!G28/FS!F28-1,"") -> -0.06695764 | H29: =IFERROR(FS!H28/FS!G28-1,"") -> 0.053670078 | I29: =IFERROR(FS!I28/FS!H28-1,"") -> 0.049906265 | J29: =IFERROR(FS!J28/FS!I28-1,"") -> 0.032680252 | K29: =IFERROR(FS!K28/FS!J28-1,"") -> -0.0079951168 | ... T29: =IFERROR(FS!T28/FS!S28-1,"") -> -0.2284882
B30: Electricity, inventory and repair work | D30: =IFERROR(FS!D29/FS!C29-1,"") -> -0.12745143 | E30: =IFERROR(FS!E29/FS!D29-1,"") -> -0.1234316 | F30: =IFERROR(FS!F29/FS!E29-1,"") -> 0.0027873404 | G30: =IFERROR(FS!G29/FS!F29-1,"") -> 0.18606057 | H30: =IFERROR(FS!H29/FS!G29-1,"") -> 0.031246472 | I30: =IFERROR(FS!I29/FS!H29-1,"") -> -0.016247518 | J30: =IFERROR(FS!J29/FS!I29-1,"") -> -0.041462925 | K30: =IFERROR(FS!K29/FS!J29-1,"") -> 0.064420003 | ... T30: =IFERROR(FS!T29/FS!S29-1,"") -> 0.17306552
B31: Electricity | D31: =IFERROR(FS!D30/FS!C30-1,"") -> 0.22685796 | E31: =IFERROR(FS!E30/FS!D30-1,"") -> -0.13479481 | F31: =IFERROR(FS!F30/FS!E30-1,"") -> 0.10747955 | G31: =IFERROR(FS!G30/FS!F30-1,"") -> 0.13064622 | H31: =IFERROR(FS!H30/FS!G30-1,"") -> -0.043548387 | I31: =IFERROR(FS!I30/FS!H30-1,"") -> -0.081765901 | J31: =IFERROR(FS!J30/FS!I30-1,"") -> -0.053917875 | K31: =IFERROR(FS!K30/FS!J30-1,"") -> 0.016583097 | ... T31: =IFERROR(FS!T30/FS!S30-1,"") -> 0.045013465
B32: Materials | D32: =IFERROR(FS!D31/FS!C31-1,"") -> -0.52181494 | E32: =IFERROR(FS!E31/FS!D31-1,"") -> 0.13161511 | F32: =IFERROR(FS!F31/FS!E31-1,"") -> 0.01647514 | G32: =IFERROR(FS!G31/FS!F31-1,"") -> 0.020936233 | H32: =IFERROR(FS!H31/FS!G31-1,"") -> 0.49889964 | I32: =IFERROR(FS!I31/FS!H31-1,"") -> -0.047608087 | J32: =IFERROR(FS!J31/FS!I31-1,"") -> -0.024785028 | K32: =IFERROR(FS!K31/FS!J31-1,"") -> -0.00020886929 | ... T32: =IFERROR(FS!T31/FS!S31-1,"") -> 0.4500413
B33: Fuel | D33: =IFERROR(FS!D32/FS!C32-1,"") -> 0.23557188 | E33: =IFERROR(FS!E32/FS!D32-1,"") -> -0.34952017 | F33: =IFERROR(FS!F32/FS!E32-1,"") -> 0.26237042 | G33: =IFERROR(FS!G32/FS!F32-1,"") -> 0.0067225153 | H33: =IFERROR(FS!H32/FS!G32-1,"") -> -0.066365317 | I33: =IFERROR(FS!I32/FS!H32-1,"") -> -0.10211268 | J33: =IFERROR(FS!J32/FS!I32-1,"") -> -0.035784314 | K33: =IFERROR(FS!K32/FS!J32-1,"") -> -0.26194827 | ... T33: =IFERROR(FS!T32/FS!S32-1,"") -> -0.16823877
B34: Repair and maintenance | D34: =IFERROR(FS!D33/FS!C33-1,"") -> -0.14201087 | E34: =IFERROR(FS!E33/FS!D33-1,"") -> -0.13212901 | F34: =IFERROR(FS!F33/FS!E33-1,"") -> -0.45411944 | G34: =IFERROR(FS!G33/FS!F33-1,"") -> 1.2160112 | H34: =IFERROR(FS!H33/FS!G33-1,"") -> -0.30369369 | I34: =IFERROR(FS!I33/FS!H33-1,"") -> 0.364989 | J34: =IFERROR(FS!J33/FS!I33-1,"") -> -0.052037915 | K34: =IFERROR(FS!K33/FS!J33-1,"") -> 0.54187241 | ... T34: =IFERROR(FS!T33/FS!S33-1,"") -> 0.47908202
B35: Impairment gain/(loss) on trade receivables | D35: =IFERROR(FS!D34/FS!C34-1,"") | E35: =IFERROR(FS!E34/FS!D34-1,"") | F35: =IFERROR(FS!F34/FS!E34-1,"") | G35: =IFERROR(FS!G34/FS!F34-1,"") | H35: =IFERROR(FS!H34/FS!G34-1,"") | I35: =IFERROR(FS!I34/FS!H34-1,"") | J35: =IFERROR(FS!J34/FS!I34-1,"") | K35: =IFERROR(FS!K34/FS!J34-1,"") | ... T35: =IFERROR(FS!T34/FS!S34-1,"") -> -1.6278169
B36: Other Expenses | D36: =IFERROR(FS!D35/FS!C35-1,"") -> 0.0050245077 | E36: =IFERROR(FS!E35/FS!D35-1,"") -> 0.13269355 | F36: =IFERROR(FS!F35/FS!E35-1,"") -> 0.502747 | G36: =IFERROR(FS!G35/FS!F35-1,"") -> -0.20271117 | H36: =IFERROR(FS!H35/FS!G35-1,"") -> 0.31025102 | I36: =IFERROR(FS!I35/FS!H35-1,"") -> -0.12905335 | J36: =IFERROR(FS!J35/FS!I35-1,"") -> -0.14440996 | K36: =IFERROR(FS!K35/FS!J35-1,"") -> 0.032400628 | ... T36: =IFERROR(FS!T35/FS!S35-1,"") -> -0.059122867
B37: Taxes other than income tax | D37: =IFERROR(FS!D36/FS!C36-1,"") -> -0.35291475 | E37: =IFERROR(FS!E36/FS!D36-1,"") -> 0.41119299 | F37: =IFERROR(FS!F36/FS!E36-1,"") -> 0.77272383 | G37: =IFERROR(FS!G36/FS!F36-1,"") -> -0.29182854 | H37: =IFERROR(FS!H36/FS!G36-1,"") -> 0.25802562 | I37: =IFERROR(FS!I36/FS!H36-1,"") -> -0.20019169 | J37: =IFERROR(FS!J36/FS!I36-1,"") -> -0.14002397 | K37: =IFERROR(FS!K36/FS!J36-1,"") -> 0.080645161 | ... T37: =IFERROR(FS!T36/FS!S36-1,"") -> 0.035511328
B38: Write off of PPE | D38: =IFERROR(FS!D37/FS!C37-1,"") | E38: =IFERROR(FS!E37/FS!D37-1,"") | F38: =IFERROR(FS!F37/FS!E37-1,"") -> -0.2704621 | G38: =IFERROR(FS!G37/FS!F37-1,"") -> -0.15255641 | H38: =IFERROR(FS!H37/FS!G37-1,"") -> 0.42981144 | I38: =IFERROR(FS!I37/FS!H37-1,"") -> -0.94943324 | J38: =IFERROR(FS!J37/FS!I37-1,"") -> -1 | K38: =IFERROR(FS!K37/FS!J37-1,"") | ... T38: =IFERROR(FS!T37/FS!S37-1,"") -> -0.81683035
... B52: Impairment reversal on other financial assets | D52: =IFERROR(FS!D51/FS!C51-1,"") | E52: =IFERROR(FS!E51/FS!D51-1,"") | F52: =IFERROR(FS!F51/FS!E51-1,"") | G52: =IFERROR(FS!G51/FS!F51-1,"") | H52: =IFERROR(FS!H51/FS!G51-1,"") | I52: =IFERROR(FS!I51/FS!H51-1,"") | J52: =IFERROR(FS!J51/FS!I51-1,"") | K52: =IFERROR(FS!K51/FS!J51-1,"") | ... T52: =IFERROR(FS!T51/FS!S51-1,"") -> -1
B53: Finance cost | D53: =IFERROR(FS!D53/FS!C53-1,"") -> 2.6429009 | E53: =IFERROR(FS!E53/FS!D53-1,"") -> -0.59924423 | F53: =IFERROR(FS!F53/FS!E53-1,"") -> 2.7034184 | G53: =IFERROR(FS!G53/FS!F53-1,"") -> -0.40621533 | H53: =IFERROR(FS!H53/FS!G53-1,"") -> 4.6531098 | I53: =IFERROR(FS!I53/FS!H53-1,"") -> -0.030164555 | J53: =IFERROR(FS!J53/FS!I53-1,"") -> 0.93440656 | K53: =IFERROR(FS!K53/FS!J53-1,"") -> 1.8341693 | ... T53: =IFERROR(FS!T53/FS!S53-1,"") -> 0.92598063
B54: Impairment loss on trade receivables | D54: =IFERROR(FS!D54/FS!C54-1,"") -> 2.6094507 | E54: =IFERROR(FS!E54/FS!D54-1,"") -> -0.63802171 | F54: =IFERROR(FS!F54/FS!E54-1,"") -> 0.87109737 | G54: =IFERROR(FS!G54/FS!F54-1,"") -> 0.22329116 | H54: =IFERROR(FS!H54/FS!G54-1,"") -> 0.037372386 | I54: =IFERROR(FS!I54/FS!H54-1,"") -> 0.15904735 | J54: =IFERROR(FS!J54/FS!I54-1,"") -> -0.41087274 | K54: =IFERROR(FS!K54/FS!J54-1,"") -> 4.4579022 | ... T54: =IFERROR(FS!T54/FS!S54-1,"")
B55: Impairment loss on issued loans | D55: =IFERROR(FS!D55/FS!C55-1,"") | E55: =IFERROR(FS!E55/FS!D55-1,"") | F55: =IFERROR(FS!F55/FS!E55-1,"") | G55: =IFERROR(FS!G55/FS!F55-1,"") | H55: =IFERROR(FS!H55/FS!G55-1,"") | I55: =IFERROR(FS!I55/FS!H55-1,"") | J55: =IFERROR(FS!J55/FS!I55-1,"") | K55: =IFERROR(FS!K55/FS!J55-1,"") | ... T55: =IFERROR(FS!T55/FS!S55-1,"")
B56: Impairment loss on cash in bank | D56: =IFERROR(FS!D56/FS!C56-1,"") | E56: =IFERROR(FS!E56/FS!D56-1,"") | F56: =IFERROR(FS!F56/FS!E56-1,"") | G56: =IFERROR(FS!G56/FS!F56-1,"") | H56: =IFERROR(FS!H56/FS!G56-1,"") | I56: =IFERROR(FS!I56/FS!H56-1,"") | J56: =IFERROR(FS!J56/FS!I56-1,"") | K56: =IFERROR(FS!K56/FS!J56-1,"") | ... T56: =IFERROR(FS!T56/FS!S56-1,"")
B57: Loss on bond repayment | D57: =IFERROR(FS!D57/FS!C57-1,"") | E57: =IFERROR(FS!E57/FS!D57-1,"") | F57: =IFERROR(FS!F57/FS!E57-1,"") | G57: =IFERROR(FS!G57/FS!F57-1,"") | H57: =IFERROR(FS!H57/FS!G57-1,"") | I57: =IFERROR(FS!I57/FS!H57-1,"") -> -1 | J57: =IFERROR(FS!J57/FS!I57-1,"") | K57: =IFERROR(FS!K57/FS!J57-1,"") | ... T57: =IFERROR(FS!T57/FS!S57-1,"")
B58: Unwinding of discount on provisions | D58: =IFERROR(FS!D58/FS!C58-1,"") | E58: =IFERROR(FS!E58/FS!D58-1,"") | F58: =IFERROR(FS!F58/FS!E58-1,"") | G58: =IFERROR(FS!G58/FS!F58-1,"") | H58: =IFERROR(FS!H58/FS!G58-1,"") | I58: =IFERROR(FS!I58/FS!H58-1,"") | J58: =IFERROR(FS!J58/FS!I58-1,"") | K58: =IFERROR(FS!K58/FS!J58-1,"") | ... T58: =IFERROR(FS!T58/FS!S58-1,"")
B59: Loss on modification of financial instruments | D59: =IFERROR(FS!D59/FS!C59-1,"") | E59: =IFERROR(FS!E59/FS!D59-1,"") | F59: =IFERROR(FS!F59/FS!E59-1,"") | G59: =IFERROR(FS!G59/FS!F59-1,"") | H59: =IFERROR(FS!H59/FS!G59-1,"") | I59: =IFERROR(FS!I59/FS!H59-1,"") | J59: =IFERROR(FS!J59/FS!I59-1,"") | K59: =IFERROR(FS!K59/FS!J59-1,"") | ... T59: =IFERROR(FS!T59/FS!S59-1,"")
B60: Net foreign exchange loss | D60: =IFERROR(FS!D60/FS!C60-1,"") | E60: =IFERROR(FS!E60/FS!D60-1,"") -> -0.99410969 | F60: =IFERROR(FS!F60/FS!E60-1,"") -> -1 | G60: =IFERROR(FS!G60/FS!F60-1,"") | H60: =IFERROR(FS!H60/FS!G60-1,"") | I60: =IFERROR(FS!I60/FS!H60-1,"") | J60: =IFERROR(FS!J60/FS!I60-1,"") -> 0.77882853 | K60: =IFERROR(FS!K60/FS!J60-1,"") -> 2.7105547 | ... T60: =IFERROR(FS!T60/FS!S60-1,"")
B61: Interest expense | D61: =IFERROR(FS!D61/FS!C61-1,"") -> 0.47474747 | E61: =IFERROR(FS!E61/FS!D61-1,"") -> 0.30598881 | F61: =IFERROR(FS!F61/FS!E61-1,"") -> 6.6150771 | G61: =IFERROR(FS!G61/FS!F61-1,"") -> -0.99655647 | H61: =IFERROR(FS!H61/FS!G61-1,"") -> 259.90106 | I61: =IFERROR(FS!I61/FS!H61-1,"") -> 0.36555596 | J61: =IFERROR(FS!J61/FS!I61-1,"") -> 2.1500246 | K61: =IFERROR(FS!K61/FS!J61-1,"") -> 0.33414589 | ... T61: =IFERROR(FS!T61/FS!S61-1,"") -> -0.038062462
B62: Premium on early redemption of issued bonds | D62: =IFERROR(FS!D62/FS!C62-1,"") | E62: =IFERROR(FS!E62/FS!D62-1,"") | F62: =IFERROR(FS!F62/FS!E62-1,"") | G62: =IFERROR(FS!G62/FS!F62-1,"") | H62: =IFERROR(FS!H62/FS!G62-1,"") | I62: =IFERROR(FS!I62/FS!H62-1,"") | J62: =IFERROR(FS!J62/FS!I62-1,"") | K62: =IFERROR(FS!K62/FS!J62-1,"") | ... T62: =IFERROR(FS!T62/FS!S62-1,"")
B63: Prepaid finance costs written off | D63: =IFERROR(FS!D63/FS!C63-1,"") | E63: =IFERROR(FS!E63/FS!D63-1,"") | F63: =IFERROR(FS!F63/FS!E63-1,"") | G63: =IFERROR(FS!G63/FS!F63-1,"") | H63: =IFERROR(FS!H63/FS!G63-1,"") -> -1 | I63: =IFERROR(FS!I63/FS!H63-1,"") | J63: =IFERROR(FS!J63/FS!I63-1,"") | K63: =IFERROR(FS!K63/FS!J63-1,"") | ... T63: =IFERROR(FS!T63/FS!S63-1,"")
B64: Borrowing costs | D64: =IFERROR(FS!D64/FS!C64-1,"") | E64: =IFERROR(FS!E64/FS!D64-1,"") | F64: =IFERROR(FS!F64/FS!E64-1,"") | G64: =IFERROR(FS!G64/FS!F64-1,"") | H64: =IFERROR(FS!H64/FS!G64-1,"") | I64: =IFERROR(FS!I64/FS!H64-1,"") -> -1 | J64: =IFERROR(FS!J64/FS!I64-1,"") | K64: =IFERROR(FS!K64/FS!J64-1,"") | ... T64: =IFERROR(FS!T64/FS!S64-1,"")
B65: Profit before income tax | D65: =IFERROR(FS!D72/FS!C72-1,"") -> -0.079649857 | E65: =IFERROR(FS!E72/FS!D72-1,"") -> -0.56166368 | F65: =IFERROR(FS!F72/FS!E72-1,"") -> 5.4229691 | G65: =IFERROR(FS!G72/FS!F72-1,"") -> 0.71780586 | H65: =IFERROR(FS!H72/FS!G72-1,"") -> -0.44260279 | I65: =IFERROR(FS!I72/FS!H72-1,"") -> -0.32902973 | J65: =IFERROR(FS!J72/FS!I72-1,"") -> -0.39773405 | K65: =IFERROR(FS!K72/FS!J72-1,"") -> -2.6672022 | ... T65: =IFERROR(FS!T72/FS!S72-1,"") -> -0.21425874
B66: Income tax expense | D66: =IFERROR(FS!#REF!/FS!#REF!-1,"") | E66: =IFERROR(FS!#REF!/FS!#REF!-1,"") | F66: =IFERROR(FS!#REF!/FS!#REF!-1,"") | G66: =IFERROR(FS!#REF!/FS!#REF!-1,"") | H66: =IFERROR(FS!#REF!/FS!#REF!-1,"") | I66: =IFERROR(FS!#REF!/FS!#REF!-1,"") | J66: =IFERROR(FS!#REF!/FS!#REF!-1,"") | K66: =IFERROR(FS!#REF!/FS!#REF!-1,"") | ... T66: =IFERROR(FS!#REF!/FS!#REF!-1,"")
B67: Current year | D67: =IFERROR(FS!#REF!/FS!#REF!-1,"") | E67: =IFERROR(FS!#REF!/FS!#REF!-1,"") | F67: =IFERROR(FS!#REF!/FS!#REF!-1,"") | G67: =IFERROR(FS!#REF!/FS!#REF!-1,"") | H67: =IFERROR(FS!#REF!/FS!#REF!-1,"") | I67: =IFERROR(FS!#REF!/FS!#REF!-1,"") | J67: =IFERROR(FS!#REF!/FS!#REF!-1,"") | K67: =IFERROR(FS!#REF!/FS!#REF!-1,"") | ... T67: =IFERROR(FS!#REF!/FS!#REF!-1,"")
B68: Deferred tax | D68: =IFERROR(FS!#REF!/FS!#REF!-1,"") | E68: =IFERROR(FS!#REF!/FS!#REF!-1,"") | F68: =IFERROR(FS!#REF!/FS!#REF!-1,"") | G68: =IFERROR(FS!#REF!/FS!#REF!-1,"") | H68: =IFERROR(FS!#REF!/FS!#REF!-1,"") | I68: =IFERROR(FS!#REF!/FS!#REF!-1,"") | J68: =IFERROR(FS!#REF!/FS!#REF!-1,"") | K68: =IFERROR(FS!#REF!/FS!#REF!-1,"") | ... T68: =IFERROR(FS!#REF!/FS!#REF!-1,"")
B69: Profit and total compregensive income for the year | D69: =IFERROR(FS!#REF!/FS!#REF!-1,"") | E69: =IFERROR(FS!#REF!/FS!#REF!-1,"") | F69: =IFERROR(FS!#REF!/FS!#REF!-1,"") | G69: =IFERROR(FS!#REF!/FS!#REF!-1,"") | H69: =IFERROR(FS!#REF!/FS!#REF!-1,"") | I69: =IFERROR(FS!#REF!/FS!#REF!-1,"") | J69: =IFERROR(FS!#REF!/FS!#REF!-1,"") | K69: =IFERROR(FS!#REF!/FS!#REF!-1,"") | ... T69: =IFERROR(FS!#REF!/FS!#REF!-1,"")
B70: Effective icome tax rate | D70: =IFERROR(FS!D73/FS!C73-1,"") | E70: =IFERROR(FS!E73/FS!D73-1,"") | F70: =IFERROR(FS!F73/FS!E73-1,"") | G70: =IFERROR(FS!G73/FS!F73-1,"") | H70: =IFERROR(FS!H73/FS!G73-1,"") | I70: =IFERROR(FS!I73/FS!H73-1,"") | J70: =IFERROR(FS!J73/FS!I73-1,"") | K70: =IFERROR(FS!K73/FS!J73-1,"") | ... T70: =IFERROR(FS!T73/FS!S73-1,"")
B71: Adjusted EBITDA | D71: =IFERROR(FS!D74/FS!C74-1,"") -> 0.26890811 | E71: =IFERROR(FS!E74/FS!D74-1,"") -> -0.20464226 | F71: =IFERROR(FS!F74/FS!E74-1,"") -> 0.50525331 | G71: =IFERROR(FS!G74/FS!F74-1,"") -> 0.48809529 | H71: =IFERROR(FS!H74/FS!G74-1,"") -> -0.055357429 | I71: =IFERROR(FS!I74/FS!H74-1,"") -> -0.075372908 | J71: =IFERROR(FS!J74/FS!I74-1,"") -> 0.15097769 | K71: =IFERROR(FS!K74/FS!J74-1,"") -> 0.29313764 | ... T71: =IFERROR(FS!T74/FS!S74-1,"") -> 0.31434528
B72: Adjusted EBITDA margin | D72: =IFERROR(FS!D75/FS!C75-1,"") -> 0.21157631 | E72: =IFERROR(FS!E75/FS!D75-1,"") -> -0.14963631 | F72: =IFERROR(FS!F75/FS!E75-1,"") -> 0.1859336 | G72: =IFERROR(FS!G75/FS!F75-1,"") -> 0.26150212 | H72: =IFERROR(FS!H75/FS!G75-1,"") -> -0.04016092 | I72: =IFERROR(FS!I75/FS!H75-1,"") -> -0.094694937 | J72: =IFERROR(FS!J75/FS!I75-1,"") -> 0.079602988 | K72: =IFERROR(FS!K75/FS!J75-1,"") -> 0.15094286 | ... T72: =IFERROR(FS!T75/FS!S75-1,"") -> 0.27144088
D73: =IFERROR(FS!D76/FS!C76-1,"") | E73: =IFERROR(FS!E76/FS!D76-1,"") | F73: =IFERROR(FS!F76/FS!E76-1,"") | G73: =IFERROR(FS!G76/FS!F76-1,"") | H73: =IFERROR(FS!H76/FS!G76-1,"") | I73: =IFERROR(FS!I76/FS!H76-1,"") | J73: =IFERROR(FS!J76/FS!I76-1,"") | K73: =IFERROR(FS!K76/FS!J76-1,"") | ... T73: =IFERROR(FS!T76/FS!S76-1,"")
B74: *Public Service Contract | D74: =IFERROR(FS!D77/FS!C77-1,"") | E74: =IFERROR(FS!E77/FS!D77-1,"") | F74: =IFERROR(FS!F77/FS!E77-1,"") | G74: =IFERROR(FS!G77/FS!F77-1,"") | H74: =IFERROR(FS!H77/FS!G77-1,"") | I74: =IFERROR(FS!I77/FS!H77-1,"") | J74: =IFERROR(FS!J77/FS!I77-1,"") | K74: =IFERROR(FS!K77/FS!J77-1,"") | ... T74: =IFERROR(FS!T77/FS!S77-1,"")
D75: =IFERROR(FS!D78/FS!C78-1,"") | E75: =IFERROR(FS!E78/FS!D78-1,"") | F75: =IFERROR(FS!F78/FS!E78-1,"") | G75: =IFERROR(FS!G78/FS!F78-1,"") | H75: =IFERROR(FS!H78/FS!G78-1,"") | I75: =IFERROR(FS!I78/FS!H78-1,"") | J75: =IFERROR(FS!J78/FS!I78-1,"") | K75: =IFERROR(FS!K78/FS!J78-1,"") | ... T75: =IFERROR(FS!T78/FS!S78-1,"")
B76: Consolidated Statement of Financial Position | D76: =IFERROR(FS!D79/FS!C79-1,"") | E76: =IFERROR(FS!E79/FS!D79-1,"") | F76: =IFERROR(FS!F79/FS!E79-1,"") | G76: =IFERROR(FS!G79/FS!F79-1,"") | H76: =IFERROR(FS!H79/FS!G79-1,"") | I76: =IFERROR(FS!I79/FS!H79-1,"") | J76: =IFERROR(FS!J79/FS!I79-1,"") | K76: =IFERROR(FS!K79/FS!J79-1,"") | ... T76: =IFERROR(FS!T79/FS!S79-1,"")
D77: =IFERROR(FS!D80/FS!C80-1,"") | E77: =IFERROR(FS!E80/FS!D80-1,"") | F77: =IFERROR(FS!F80/FS!E80-1,"") | G77: =IFERROR(FS!G80/FS!F80-1,"") | H77: =IFERROR(FS!H80/FS!G80-1,"") | I77: =IFERROR(FS!I80/FS!H80-1,"") | J77: =IFERROR(FS!J80/FS!I80-1,"") | K77: =IFERROR(FS!K80/FS!J80-1,"") | ... T77: =IFERROR(FS!T80/FS!S80-1,"")
B78: ASSETS | D78: =IFERROR(FS!D81/FS!C81-1,"") | E78: =IFERROR(FS!E81/FS!D81-1,"") | F78: =IFERROR(FS!F81/FS!E81-1,"") | G78: =IFERROR(FS!G81/FS!F81-1,"") | H78: =IFERROR(FS!H81/FS!G81-1,"") | I78: =IFERROR(FS!I81/FS!H81-1,"") | J78: =IFERROR(FS!J81/FS!I81-1,"") | K78: =IFERROR(FS!K81/FS!J81-1,"") | ... T78: =IFERROR(FS!T81/FS!S81-1,"")
B79: Non-current assets | D79: =IFERROR(FS!D82/FS!C82-1,"") | E79: =IFERROR(FS!E82/FS!D82-1,"") | F79: =IFERROR(FS!F82/FS!E82-1,"") | G79: =IFERROR(FS!G82/FS!F82-1,"") | H79: =IFERROR(FS!H82/FS!G82-1,"") | I79: =IFERROR(FS!I82/FS!H82-1,"") | J79: =IFERROR(FS!J82/FS!I82-1,"") | K79: =IFERROR(FS!K82/FS!J82-1,"") | ... T79: =IFERROR(FS!T82/FS!S82-1,"")
B80: Property, plant and equipment | D80: =IFERROR(FS!D83/FS!C83-1,"") -> 0.00017857252 | E80: =IFERROR(FS!E83/FS!D83-1,"") -> 0.039412234 | F80: =IFERROR(FS!F83/FS!E83-1,"") -> 0.015114063 | G80: =IFERROR(FS!G83/FS!F83-1,"") -> 0.10869171 | H80: =IFERROR(FS!H83/FS!G83-1,"") -> 0.1484637 | I80: =IFERROR(FS!I83/FS!H83-1,"") -> 0.068245773 | J80: =IFERROR(FS!J83/FS!I83-1,"") -> 0.013224766 | K80: =IFERROR(FS!K83/FS!J83-1,"") -> 0.044219898 | ... T80: =IFERROR(FS!T83/FS!S83-1,"") -> 0.026214988
B81: Deferred tax Assets | D81: =IFERROR(FS!D84/FS!C84-1,"") | E81: =IFERROR(FS!E84/FS!D84-1,"") | F81: =IFERROR(FS!F84/FS!E84-1,"") | G81: =IFERROR(FS!G84/FS!F84-1,"") | H81: =IFERROR(FS!H84/FS!G84-1,"") | I81: =IFERROR(FS!I84/FS!H84-1,"") -> 0 | J81: =IFERROR(FS!J84/FS!I84-1,"") -> 0 | K81: =IFERROR(FS!K84/FS!J84-1,"") -> -0.29736673 | ... T81: =IFERROR(FS!T84/FS!S84-1,"")
B82: Investment property | D82: =IFERROR(FS!D85/FS!C85-1,"") -> 0.0030195516 | E82: =IFERROR(FS!E85/FS!D85-1,"") -> -0.25295402 | F82: =IFERROR(FS!F85/FS!E85-1,"") -> 0 | G82: =IFERROR(FS!G85/FS!F85-1,"") -> -0.31110216 | H82: =IFERROR(FS!H85/FS!G85-1,"") -> -1 | I82: =IFERROR(FS!I85/FS!H85-1,"") | J82: =IFERROR(FS!J85/FS!I85-1,"") | K82: =IFERROR(FS!K85/FS!J85-1,"") | ... T82: =IFERROR(FS!T85/FS!S85-1,"")
B83: Loans receivable | D83: =IFERROR(FS!D86/FS!C86-1,"") | E83: =IFERROR(FS!E86/FS!D86-1,"") | F83: =IFERROR(FS!F86/FS!E86-1,"") | G83: =IFERROR(FS!G86/FS!F86-1,"") | H83: =IFERROR(FS!H86/FS!G86-1,"") | I83: =IFERROR(FS!I86/FS!H86-1,"") | J83: =IFERROR(FS!J86/FS!I86-1,"") | K83: =IFERROR(FS!K86/FS!J86-1,"") | ... T83: =IFERROR(FS!T86/FS!S86-1,"")
B84: Goodwill | D84: =IFERROR(FS!D87/FS!C87-1,"") | E84: =IFERROR(FS!E87/FS!D87-1,"") | F84: =IFERROR(FS!F87/FS!E87-1,"") | G84: =IFERROR(FS!G87/FS!F87-1,"") | H84: =IFERROR(FS!H87/FS!G87-1,"") | I84: =IFERROR(FS!I87/FS!H87-1,"") | J84: =IFERROR(FS!J87/FS!I87-1,"") -> 0 | K84: =IFERROR(FS!K87/FS!J87-1,"") -> 0 | ... T84: =IFERROR(FS!T87/FS!S87-1,"")
B85: Other non-current assets | D85: =IFERROR(FS!D88/FS!C88-1,"") -> 0.55269094 | E85: =IFERROR(FS!E88/FS!D88-1,"") -> -0.11325585 | F85: =IFERROR(FS!F88/FS!E88-1,"") -> 9.6401654 | G85: =IFERROR(FS!G88/FS!F88-1,"") -> 1.0241173 | H85: =IFERROR(FS!H88/FS!G88-1,"") -> 0.017551868 | I85: =IFERROR(FS!I88/FS!H88-1,"") -> -0.35609718 | J85: =IFERROR(FS!J88/FS!I88-1,"") -> -0.059260652 | K85: =IFERROR(FS!K88/FS!J88-1,"") -> -0.13043069 | ... T85: =IFERROR(FS!T88/FS!S88-1,"") -> -0.70714794
B86: Other receivable | D86: =IFERROR(FS!D89/FS!C89-1,"") | E86: =IFERROR(FS!E89/FS!D89-1,"") | F86: =IFERROR(FS!F89/FS!E89-1,"") | G86: =IFERROR(FS!G89/FS!F89-1,"") | H86: =IFERROR(FS!H89/FS!G89-1,"") | I86: =IFERROR(FS!I89/FS!H89-1,"") | J86: =IFERROR(FS!J89/FS!I89-1,"") | K86: =IFERROR(FS!K89/FS!J89-1,"") | ... T86: =IFERROR(FS!T89/FS!S89-1,"") -> -1
B87: Investments | D87: =IFERROR(FS!D90/FS!C90-1,"") | E87: =IFERROR(FS!E90/FS!D90-1,"") | F87: =IFERROR(FS!F90/FS!E90-1,"") | G87: =IFERROR(FS!G90/FS!F90-1,"") | H87: =IFERROR(FS!H90/FS!G90-1,"") | I87: =IFERROR(FS!I90/FS!H90-1,"") | J87: =IFERROR(FS!J90/FS!I90-1,"") | K87: =IFERROR(FS!K90/FS!J90-1,"") | ... T87: =IFERROR(FS!T90/FS!S90-1,"") -> 2724.3628
B88: Total Non-current assets | D88: =IFERROR(FS!D91/FS!C91-1,"") -> 0.0033038837 | E88: =IFERROR(FS!E91/FS!D91-1,"") -> 0.035749866 | F88: =IFERROR(FS!F91/FS!E91-1,"") -> 0.086638691 | G88: =IFERROR(FS!G91/FS!F91-1,"") -> 0.17315675 | H88: =IFERROR(FS!H91/FS!G91-1,"") -> 0.12914149 | I88: =IFERROR(FS!I91/FS!H91-1,"") -> 0.020154246 | J88: =IFERROR(FS!J91/FS!I91-1,"") -> 0.0080339114 | K88: =IFERROR(FS!K91/FS!J91-1,"") -> 0.03235718 | ... T88: =IFERROR(FS!T91/FS!S91-1,"") -> -0.019434543
B89: Current assets | D89: =IFERROR(FS!D92/FS!C92-1,"") | E89: =IFERROR(FS!E92/FS!D92-1,"") | F89: =IFERROR(FS!F92/FS!E92-1,"") | G89: =IFERROR(FS!G92/FS!F92-1,"") | H89: =IFERROR(FS!H92/FS!G92-1,"") | I89: =IFERROR(FS!I92/FS!H92-1,"") | J89: =IFERROR(FS!J92/FS!I92-1,"") | K89: =IFERROR(FS!K92/FS!J92-1,"") | ... T89: =IFERROR(FS!T92/FS!S92-1,"")
... B91: Loans receivable | D91: =IFERROR(FS!D94/FS!C94-1,"") | E91: =IFERROR(FS!E94/FS!D94-1,"") | F91: =IFERROR(FS!F94/FS!E94-1,"") | G91: =IFERROR(FS!G94/FS!F94-1,"") | H91: =IFERROR(FS!H94/FS!G94-1,"") | I91: =IFERROR(FS!I94/FS!H94-1,"") | J91: =IFERROR(FS!J94/FS!I94-1,"") | K91: =IFERROR(FS!K94/FS!J94-1,"") | ... T91: =IFERROR(FS!T94/FS!S94-1,"")
B92: Current tax assets | D92: =IFERROR(FS!D96/FS!C96-1,"") | E92: =IFERROR(FS!E96/FS!D96-1,"") | F92: =IFERROR(FS!F96/FS!E96-1,"") -> -1 | G92: =IFERROR(FS!G96/FS!F96-1,"") | H92: =IFERROR(FS!H96/FS!G96-1,"") -> -1 | I92: =IFERROR(FS!I96/FS!H96-1,"") | J92: =IFERROR(FS!J96/FS!I96-1,"") -> -0.065446146 | K92: =IFERROR(FS!K96/FS!J96-1,"") -> 0.0063163676 | ... T92: =IFERROR(FS!T96/FS!S96-1,"") -> -0.60132065
B93: Trade and other receivables | D93: =IFERROR(FS!D99/FS!C99-1,"") -> 1.4121486 | E93: =IFERROR(FS!E99/FS!D99-1,"") -> 0.15473465 | F93: =IFERROR(FS!F99/FS!E99-1,"") -> 0.21262503 | G93: =IFERROR(FS!G99/FS!F99-1,"") -> 0.01642329 | H93: =IFERROR(FS!H99/FS!G99-1,"") -> 0.43494791 | I93: =IFERROR(FS!I99/FS!H99-1,"") -> 0.33498077 | J93: =IFERROR(FS!J99/FS!I99-1,"") -> 0.029426358 | K93: =IFERROR(FS!K99/FS!J99-1,"") -> 0.30959884 | ... T93: =IFERROR(FS!T99/FS!S99-1,"") -> -0.098195012
B94: Prepayments and other current assets | D94: =IFERROR(FS!D97/FS!C97-1,"") -> -0.13933932 | E94: =IFERROR(FS!E97/FS!D97-1,"") -> 0.22784101 | F94: =IFERROR(FS!F97/FS!E97-1,"") -> 0.21687915 | G94: =IFERROR(FS!G97/FS!F97-1,"") -> -0.35042775 | H94: =IFERROR(FS!H97/FS!G97-1,"") -> 1.2244353 | I94: =IFERROR(FS!I97/FS!H97-1,"") -> -0.36041721 | J94: =IFERROR(FS!J97/FS!I97-1,"") -> -0.52961019 | K94: =IFERROR(FS!K97/FS!J97-1,"") -> -0.35833288 | ... T94: =IFERROR(FS!T97/FS!S97-1,"") -> -0.74781218
B95: Cash and cash equivalents | D95: =IFERROR(FS!D101/FS!C101-1,"") -> -0.24103538 | E95: =IFERROR(FS!E101/FS!D101-1,"") -> -0.57415519 | F95: =IFERROR(FS!F101/FS!E101-1,"") -> 245.77076 | G95: =IFERROR(FS!G101/FS!F101-1,"") -> -0.8079052 | H95: =IFERROR(FS!H101/FS!G101-1,"") -> 0.78367775 | I95: =IFERROR(FS!I101/FS!H101-1,"") -> 0.81616017 | J95: =IFERROR(FS!J101/FS!I101-1,"") -> 0.44013761 | K95: =IFERROR(FS!K101/FS!J101-1,"") -> -0.020595848 | ... T95: =IFERROR(FS!T101/FS!S101-1,"") -> 0.12256354
B96: Term deposit | D96: =IFERROR(FS!D100/FS!C100-1,"") | E96: =IFERROR(FS!E100/FS!D100-1,"") | F96: =IFERROR(FS!F100/FS!E100-1,"") | G96: =IFERROR(FS!G100/FS!F100-1,"") | H96: =IFERROR(FS!H100/FS!G100-1,"") | I96: =IFERROR(FS!I100/FS!H100-1,"") | J96: =IFERROR(FS!J100/FS!I100-1,"") | K96: =IFERROR(FS!K100/FS!J100-1,"") | ... T96: =IFERROR(FS!T100/FS!S100-1,"")
B97: Bank Deposits | D97: =IFERROR(FS!D102/FS!C102-1,"") | E97: =IFERROR(FS!E102/FS!D102-1,"") | F97: =IFERROR(FS!F102/FS!E102-1,"") | G97: =IFERROR(FS!G102/FS!F102-1,"") -> 1.0107046 | H97: =IFERROR(FS!H102/FS!G102-1,"") -> 0.31226046 | I97: =IFERROR(FS!I102/FS!H102-1,"") -> -1 | J97: =IFERROR(FS!J102/FS!I102-1,"") | K97: =IFERROR(FS!K102/FS!J102-1,"") | ... T97: =IFERROR(FS!T102/FS!S102-1,"")
B98: Restricted cash | D98: =IFERROR(FS!D103/FS!C103-1,"") -> -1 | E98: =IFERROR(FS!E103/FS!D103-1,"") | F98: =IFERROR(FS!F103/FS!E103-1,"") | G98: =IFERROR(FS!G103/FS!F103-1,"") | H98: =IFERROR(FS!H103/FS!G103-1,"") | I98: =IFERROR(FS!I103/FS!H103-1,"") | J98: =IFERROR(FS!J103/FS!I103-1,"") | K98: =IFERROR(FS!K103/FS!J103-1,"") | ... T98: =IFERROR(FS!T103/FS!S103-1,"")
B99: Total current assets | D99: =IFERROR(FS!D104/FS!C104-1,"") -> 0.019522646 | E99: =IFERROR(FS!E104/FS!D104-1,"") -> 0.026574582 | F99: =IFERROR(FS!F104/FS!E104-1,"") -> 4.3066608 | G99: =IFERROR(FS!G104/FS!F104-1,"") -> -0.5226267 | H99: =IFERROR(FS!H104/FS!G104-1,"") -> 0.59735591 | I99: =IFERROR(FS!I104/FS!H104-1,"") -> 0.010533036 | J99: =IFERROR(FS!J104/FS!I104-1,"") -> 0.17670252 | K99: =IFERROR(FS!K104/FS!J104-1,"") -> 0.10283313 | ... T99: =IFERROR(FS!T104/FS!S104-1,"") -> 0.35945505
B100: TOTAL ASSETS | D100: =IFERROR(FS!D105/FS!C105-1,"") -> 0.0040779422 | E100: =IFERROR(FS!E105/FS!D105-1,"") -> 0.03530523 | F100: =IFERROR(FS!F105/FS!E105-1,"") -> 0.28941739 | G100: =IFERROR(FS!G105/FS!F105-1,"") -> 0.035559575 | H100: =IFERROR(FS!H105/FS!G105-1,"") -> 0.1718253 | I100: =IFERROR(FS!I105/FS!H105-1,"") -> 0.018958643 | J100: =IFERROR(FS!J105/FS!I105-1,"") -> 0.028820609 | K100: =IFERROR(FS!K105/FS!J105-1,"") -> 0.042291067 | ... T100: =IFERROR(FS!T105/FS!S105-1,"") -> 0.035609852
D101: =IFERROR(FS!D106/FS!C106-1,"") | E101: =IFERROR(FS!E106/FS!D106-1,"") | F101: =IFERROR(FS!F106/FS!E106-1,"") | G101: =IFERROR(FS!G106/FS!F106-1,"") | H101: =IFERROR(FS!H106/FS!G106-1,"") | I101: =IFERROR(FS!I106/FS!H106-1,"") | J101: =IFERROR(FS!J106/FS!I106-1,"") | K101: =IFERROR(FS!K106/FS!J106-1,"") | ... T101: =IFERROR(FS!T106/FS!S106-1,"")
B102: EQUITY AND LIABILITIES | D102: =IFERROR(FS!D107/FS!C107-1,"") | E102: =IFERROR(FS!E107/FS!D107-1,"") | F102: =IFERROR(FS!F107/FS!E107-1,"") | G102: =IFERROR(FS!G107/FS!F107-1,"") | H102: =IFERROR(FS!H107/FS!G107-1,"") | I102: =IFERROR(FS!I107/FS!H107-1,"") | J102: =IFERROR(FS!J107/FS!I107-1,"") | K102: =IFERROR(FS!K107/FS!J107-1,"") | ... T102: =IFERROR(FS!T107/FS!S107-1,"")
B103: Equity | D103: =IFERROR(FS!D108/FS!C108-1,"") | E103: =IFERROR(FS!E108/FS!D108-1,"") | F103: =IFERROR(FS!F108/FS!E108-1,"") | G103: =IFERROR(FS!G108/FS!F108-1,"") | H103: =IFERROR(FS!H108/FS!G108-1,"") | I103: =IFERROR(FS!I108/FS!H108-1,"") | J103: =IFERROR(FS!J108/FS!I108-1,"") | K103: =IFERROR(FS!K108/FS!J108-1,"") | ... T103: =IFERROR(FS!T108/FS!S108-1,"")
B104: Share capital | D104: =IFERROR(FS!D109/FS!C109-1,"") -> -0.0020874573 | E104: =IFERROR(FS!E109/FS!D109-1,"") -> 0.035958378 | F104: =IFERROR(FS!F109/FS!E109-1,"") -> 0.018785017 | G104: =IFERROR(FS!G109/FS!F109-1,"") -> 0.015310907 | H104: =IFERROR(FS!H109/FS!G109-1,"") -> 0.04926519 | I104: =IFERROR(FS!I109/FS!H109-1,"") -> 0.00030864462 | J104: =IFERROR(FS!J109/FS!I109-1,"") -> 0.0020255696 | K104: =IFERROR(FS!K109/FS!J109-1,"") -> 0.0003830063 | ... T104: =IFERROR(FS!T109/FS!S109-1,"") -> 8.5624322e-05
B105: Non-cash owner contribution reserve | D105: =IFERROR(FS!D110/FS!C110-1,"") -> 2.5917846 | E105: =IFERROR(FS!E110/FS!D110-1,"") -> -0.25008888 | F105: =IFERROR(FS!F110/FS!E110-1,"") -> 0.39875943 | G105: =IFERROR(FS!G110/FS!F110-1,"") -> 0.0745396 | H105: =IFERROR(FS!H110/FS!G110-1,"") -> -0.1674421 | I105: =IFERROR(FS!I110/FS!H110-1,"") -> 0 | J105: =IFERROR(FS!J110/FS!I110-1,"") -> 0.08022606 | K105: =IFERROR(FS!K110/FS!J110-1,"") -> 0 | ... T105: =IFERROR(FS!T110/FS!S110-1,"") -> -3.9760656e-06
B106: Retained earnings | D106: =IFERROR(FS!D111/FS!C111-1,"") -> 0.19000384 | E106: =IFERROR(FS!E111/FS!D111-1,"") -> -0.035033842 | F106: =IFERROR(FS!F111/FS!E111-1,"") -> 0.10086215 | G106: =IFERROR(FS!G111/FS!F111-1,"") -> 0.24702047 | H106: =IFERROR(FS!H111/FS!G111-1,"") -> -0.41142761 | I106: =IFERROR(FS!I111/FS!H111-1,"") -> 0.084567897 | J106: =IFERROR(FS!J111/FS!I111-1,"") -> -0.022659983 | K106: =IFERROR(FS!K111/FS!J111-1,"") -> -0.19302283 | ... T106: =IFERROR(FS!T111/FS!S111-1,"") -> -0.23708827
B107: Total equity | D107: =IFERROR(FS!D112/FS!C112-1,"") -> 0.08005708 | E107: =IFERROR(FS!E112/FS!D112-1,"") -> 0.0031993647 | F107: =IFERROR(FS!F112/FS!E112-1,"") -> 0.054470799 | G107: =IFERROR(FS!G112/FS!F112-1,"") -> 0.1034677 | H107: =IFERROR(FS!H112/FS!G112-1,"") -> -0.15050311 | I107: =IFERROR(FS!I112/FS!H112-1,"") -> 0.025037102 | J107: =IFERROR(FS!J112/FS!I112-1,"") -> -0.004063406 | K107: =IFERROR(FS!K112/FS!J112-1,"") -> -0.058576529 | ... T107: =IFERROR(FS!T112/FS!S112-1,"") -> 0.078652605
B108: Non-current liabilities | D108: =IFERROR(FS!D113/FS!C113-1,"") | E108: =IFERROR(FS!E113/FS!D113-1,"") | F108: =IFERROR(FS!F113/FS!E113-1,"") | G108: =IFERROR(FS!G113/FS!F113-1,"") | H108: =IFERROR(FS!H113/FS!G113-1,"") | I108: =IFERROR(FS!I113/FS!H113-1,"") | J108: =IFERROR(FS!J113/FS!I113-1,"") | K108: =IFERROR(FS!K113/FS!J113-1,"") | ... T108: =IFERROR(FS!T113/FS!S113-1,"")
B109: Loans and borrowings | D109: =IFERROR(FS!D114/FS!C114-1,"") -> -0.47637238 | E109: =IFERROR(FS!E114/FS!D114-1,"") -> 5.7279114 | F109: =IFERROR(FS!F114/FS!E114-1,"") -> 16.605743 | G109: =IFERROR(FS!G114/FS!F114-1,"") -> -0.055476604 | H109: =IFERROR(FS!H114/FS!G114-1,"") -> 1.1033852 | I109: =IFERROR(FS!I114/FS!H114-1,"") -> 0.048522621 | J109: =IFERROR(FS!J114/FS!I114-1,"") -> 0.017716936 | K109: =IFERROR(FS!K114/FS!J114-1,"") -> 0.28398501 | ... T109: =IFERROR(FS!T114/FS!S114-1,"") -> 0.053172786
B110: Advance received from the Government | D110: =IFERROR(FS!D115/FS!C115-1,"") | E110: =IFERROR(FS!E115/FS!D115-1,"") | F110: =IFERROR(FS!F115/FS!E115-1,"") | G110: =IFERROR(FS!G115/FS!F115-1,"") | H110: =IFERROR(FS!H115/FS!G115-1,"") | I110: =IFERROR(FS!I115/FS!H115-1,"") -> 0 | J110: =IFERROR(FS!J115/FS!I115-1,"") -> -0.0095626187 | K110: =IFERROR(FS!K115/FS!J115-1,"") -> -0.033086847 | ... T110: =IFERROR(FS!T115/FS!S115-1,"") -> 1.5774902e-06
B111: Trade and other payables | D111: =IFERROR(FS!D116/FS!C116-1,"") | E111: =IFERROR(FS!E116/FS!D116-1,"") | F111: =IFERROR(FS!F116/FS!E116-1,"") -> -0.99844037 | G111: =IFERROR(FS!G116/FS!F116-1,"") -> 0 | H111: =IFERROR(FS!H116/FS!G116-1,"") -> 0.14563918 | I111: =IFERROR(FS!I116/FS!H116-1,"") -> 0.0086557623 | J111: =IFERROR(FS!J116/FS!I116-1,"") -> 0 | K111: =IFERROR(FS!K116/FS!J116-1,"") -> 0 | ... T111: =IFERROR(FS!T116/FS!S116-1,"") -> -0.046902306
B112: Deferred tax Liability | D112: =IFERROR(FS!D117/FS!C117-1,"") -> -0.23227157 | E112: =IFERROR(FS!E117/FS!D117-1,"") -> -0.085176626 | F112: =IFERROR(FS!F117/FS!E117-1,"") -> -0.11088389 | G112: =IFERROR(FS!G117/FS!F117-1,"") -> -0.084123811 | H112: =IFERROR(FS!H117/FS!G117-1,"") -> -0.059466557 | I112: =IFERROR(FS!I117/FS!H117-1,"") -> 0.019789885 | J112: =IFERROR(FS!J117/FS!I117-1,"") -> 0.026730098 | K112: =IFERROR(FS!K117/FS!J117-1,"") -> -0.26784226 | ... T112: =IFERROR(FS!T117/FS!S117-1,"")
B113: Total non-current liabilities | D113: =IFERROR(FS!D118/FS!C118-1,"") -> -0.24745992 | E113: =IFERROR(FS!E118/FS!D118-1,"") -> 0.50402414 | F113: =IFERROR(FS!F118/FS!E118-1,"") -> 2.9274247 | G113: =IFERROR(FS!G118/FS!F118-1,"") -> -0.059245587 | H113: =IFERROR(FS!H118/FS!G118-1,"") -> 1.4416821 | I113: =IFERROR(FS!I118/FS!H118-1,"") -> 0.03741289 | J113: =IFERROR(FS!J118/FS!I118-1,"") -> 0.01290344 | K113: =IFERROR(FS!K118/FS!J118-1,"") -> 0.19713534 | ... T113: =IFERROR(FS!T118/FS!S118-1,"") -> 0.048850279
... B123: Total liabilities | D123: =IFERROR(FS!D128/FS!C128-1,"") -> -0.35261587 | E123: =IFERROR(FS!E128/FS!D128-1,"") -> 0.30319662 | F123: =IFERROR(FS!F128/FS!E128-1,"") -> 1.602684 | G123: =IFERROR(FS!G128/FS!F128-1,"") -> -0.12531619 | H123: =IFERROR(FS!H128/FS!G128-1,"") -> 1.1869409 | I123: =IFERROR(FS!I128/FS!H128-1,"") -> 0.013006014 | J123: =IFERROR(FS!J128/FS!I128-1,"") -> 0.068026746 | K123: =IFERROR(FS!K128/FS!J128-1,"") -> 0.15443395 | ... T123: =IFERROR(FS!T128/FS!S128-1,"") -> 0.012658453
D124: =IFERROR(FS!D129/FS!C129-1,"") | E124: =IFERROR(FS!E129/FS!D129-1,"") | F124: =IFERROR(FS!F129/FS!E129-1,"") | G124: =IFERROR(FS!G129/FS!F129-1,"") | H124: =IFERROR(FS!H129/FS!G129-1,"") | I124: =IFERROR(FS!I129/FS!H129-1,"") | J124: =IFERROR(FS!J129/FS!I129-1,"") | K124: =IFERROR(FS!K129/FS!J129-1,"") | ... T124: =IFERROR(FS!T129/FS!S129-1,"")
B125: TOTAL EQUITY AND LIABILITIES | D125: =IFERROR(FS!D130/FS!C130-1,"") -> 0.0030823155 | E125: =IFERROR(FS!E130/FS!D130-1,"") -> 0.037644776 | F125: =IFERROR(FS!F130/FS!E130-1,"") -> 0.27772832 | G125: =IFERROR(FS!G130/FS!F130-1,"") -> 0.03626547 | H125: =IFERROR(FS!H130/FS!G130-1,"") -> 0.18109645 | I125: =IFERROR(FS!I130/FS!H130-1,"") -> 0.019513849 | J125: =IFERROR(FS!J130/FS!I130-1,"") -> 0.028820609 | K125: =IFERROR(FS!K130/FS!J130-1,"") -> 0.042291225 | ... T125: =IFERROR(FS!T130/FS!S130-1,"") -> 0.035609862
D126: =IFERROR(FS!D131/FS!C131-1,"") | E126: =IFERROR(FS!E131/FS!D131-1,"") | F126: =IFERROR(FS!F131/FS!E131-1,"") | G126: =IFERROR(FS!G131/FS!F131-1,"") | H126: =IFERROR(FS!H131/FS!G131-1,"") | I126: =IFERROR(FS!I131/FS!H131-1,"") | J126: =IFERROR(FS!J131/FS!I131-1,"") | K126: =IFERROR(FS!K131/FS!J131-1,"") | ... T126: =IFERROR(FS!T131/FS!S131-1,"")
...

Sheet კომენტარები_FY 2024
C3: 2023 | D3: 2024 | G3: კომენტარი
B4: Rent, scrap realization,other | C4: 4612 | D4: 14028.265 | E4: =IFERROR(D4/C4-1,"") -> 2.041688 | F4: =IFERROR(D4-C4,"") -> 9416.265 | G4: ანგარიში: 8139030000 _ ჯართის რეალიზაციიდან მიღებული სხვაობა იყო ძირითადი სხვაობის მიზეზი გაიზარდა 10.5 მილიონით, ხოლო სხვა ნაწილების (გარდა ჯართის) რეალიზაციიდან მიღებული შმოსავალი შემცირდა 1.5 მილიონით.
B5: Continuing operations | C5: 5716.5999 | D5: 9357.5357 | E5: =IFERROR(D5/C5-1,"") -> 0.63690583 | F5: =IFERROR(D5-C5,"") -> 3640.9358 | G5: 5.6 მილიონი ლარის ლარი ენერგო პრო ჯორჯიასთან მოგებული სასამართლო დავა. პირგასამტეხლო (დებიზოტზე დარიცხული საურავი) 2023 წელს იყო 1.3 მილიონი და ახლა არის 0.4 მილიონი (ძირითადად დარიცხული 2023 წელს იყო მგზავრთა გადაყვანის 267.2 ათასი და - სატვირთოსი 534.8 ართასი (მსხვილი კლიენტი არ იკვეთება)
B6: Other | C6: 3275.9001 | D6: 1430.812 | E6: (ქ4 უარყოფითი) | G6: კორექტირება მოხდა შემდეგ ანგარიშზე: P8236090000 _ 863,511 ლარის. დაკარგული ძირითადი საშუალებების რეზერვის აღიარება | H6: <--- ეს კორექტირება იქნებ სხვა ანგარიშზე გადავიტანოთ
B7: Depreciation and amortization expenses | C7: -76895 | D7: -64770.261 | E7: =IFERROR(D7/C7-1,"") -> -0.15767916 | F7: =IFERROR(D7-C7,"") -> 12124.739 | G7: ცვეთის ხარჯი ძირითადად შემცირებულია სალიანდაგო უღელტეხილი და სალიანდაგო დასავლეთის ხარჯზე
B8: Materials | C8: -14481.573 | D8: -19620.799 | E8: =IFERROR(D8/C8-1,"") -> 0.35488036 | F8: =IFERROR(D8-C8,"") -> -5139.2259 | G8: 4.1 მილიონი ლარითაა გაზრდილი ლიანდაგის ზედნაშენი (superstructure) მასალები. ასევე 1.7 მილიონი ზრდა ძირითადად დამხმარე ნაწილების შეძენით არის გამოწვეული, ( „ვპრს-08/32“-ის ტიპის გამოსატენ-მასწორებელ-საზუსტებელი სალიანდაგო მანქანები) სალიანდაგოა აქაც გაზრდილი.
B9: Repair and maintenance | C9: -12823.807 | D9: -18994.645 | E9: =IFERROR(D9/C9-1,"") -> 0.48120175 | F9: =IFERROR(D9-C9,"") -> -6170.8382 | G9: ძირითადი საშუალებების რემონტი გაიზარდა (სალოკომოტივო) დაახლოებით 3 მილიონით. ასევე 2024 წელს კორექტირება მოხდა თისითის თბომავლების რემონტზე დაკორექტირდა როგორც შემოსავალი 2.1 მილიონი და ასევე კორექტირება მოხდა სტადლერის რემონტზე ხარჯი 5.7 მილიონი ჯამური კორექტირება გამოვიდა 3.3 მილიონი ლარი. რაც ჯამში 6.2 მილიონიან სხვაობას ხსნის 2023 წელთან | H9: <--- რა პერიოდის კორექტირებაა და რატო მოხდა თისითიზე
B10: Freight car cross-border charge | C10: -8324.7494 | D10: -15176.512 | E10: =IFERROR(D10/C10-1,"") -> 0.82305932 | F10: =IFERROR(D10-C10,"") -> -6851.7626 | G10: აზერბაიჯანის მიერ ნაქირავები ვაგონების ფონზე არის გაზრდილი. (ძირითადად ცისტერნების და ნახევარვაგონების წილი არის გაზრდილი.
B11: Logistic service | C11: -88461 | D11: -77497.59 | E11: =IFERROR(D11/C11-1,"") -> -0.12393495 | F11: =IFERROR(D11-C11,"") -> 10963.41 | G11: GR transit - ხარჯი 2023 წელთან შედარებით შემცირდა 5.8 მილიონი ლარით, ძრითადად შემცირებულია 24 საათიან მომსახურებაზე გაწეული ხარჯები.
B12: Other | C12: -16394.987 | D12: -13621.59 | E12: =IFERROR(D12/C12-1,"") -> -0.16916127 | F12: =IFERROR(D12-C12,"") -> 2773.3967 | G12: 2023 წელს WBS - მიერ შესყიდული პროგრამების 1.8 მილიონი და ასევე სალიანდაგოს მიერ გაკეთებული შენაძენების ხარჯზე მოხდა გაზრდა 1 მილიონი დაახლოებით. (შპს რაველდი -თვითმფრინავების, რკინიგზის, საგზაო და საზღვაო მოწყობილობების შეკეთება, ტექნიკური მომსახურება და მათთან დაკავშირებული მომსახურებები)
B13: Interest expense | C13: -61090 | D13: -58765.149 | E13: =IFERROR(D13/C13-1,"") -> -0.038056163 | F13: =IFERROR(D13-C13,"") -> 2324.851 | G13: მასტერ ფაილის მიხედვით 57 მილიონია საპროცენტო გადასახადი, დანარჩენი provisions არის, უბრალოდ გამოქვეყნებულ ეფესში 61 მილიონი პირდაპირ საპროცენტო ხარჯად ზის. კურსებით მიხედვით რომ შევადაროთ 2024 წელს მეტი უნდა იყოს ხარჯი | H13: <-- ეს არასწორია სავარაუდოდ
B14: Property, plant and equipment | C14: 1921379 | D14: 1965245.2 | E14: =IFERROR(D14/C14-1,"") -> 0.0228306 | F14: =IFERROR(D14-C14,"") -> 43866.235 | G14: CIP - შემცირდა 49 მილიონი ლარით, დაახლოებით ამ თანხის სამრეწველო შენობა და ლიანდაგი გაიზარდა. ამის გარდა ძირითადი ზრდა იყო (7 მილიონი გადამცემი მოწყობილობები და საკომუნიკაციო აღჭურვილობა და სიგნალიზაციის კონტროლი (სცბ 35 მილიონი ლარით ზრდა).
B15: Prepayments and other current assets | C15: 3562.1042 | D15: 15149.159 | E15: =IFERROR(D15/C15-1,"") -> 3.2528682 | F15: =IFERROR(D15-C15,"") -> 11587.055 | G15: WBS - 4.5 მილიონი ლარის წინასწარი ავანსი აქვს გაცემული. და თისითის კორექტირება 5.8 მილიონი ლარი _ To reclassify Trade and other Payables to Prepayments-technical Entry
